 Dungeon Crawl Stone Soup version 0.24-a0-279-ga7546fe674 (webtiles) character file.

Game seed: 601311228280698960

1732917 Flugkiller the Conqueror (level 27, 199/199 HPs)
             Began as a Gargoyle Chaos Knight on Apr 30, 2019.
             Was a Favourite Plaything of Xom.
             Escaped with the Orb
             ... and 3 runes on May 1, 2019!
             The game lasted 02:21:37 (64757 turns).

Flugkiller the Conqueror (Gargoyle Chaos Knight)   Turns: 64757, Time: 02:21:38

Health: 199/199    AC: 61    Str: 33    XL:     27
Magic:  37/37      EV: 17    Int: 15    God:    Xom [.....*]
Gold:   5885       SH:  0    Dex:  8    Spells: 26/26 levels left

rFire    + + +     SeeInvis .   r - +7 mace of Variability {chain chaos}
rCold    + + .     Gourm    .   (shield currently unavailable)
rNeg     + + +     Faith    .   b - +8 plate armour of Potocvef {rN+ Regen+ Str-5 Slay+2}
rPois    ∞         Spirit   +   N - +2 hat of Distant Shores {rPois rN+ Int+2}
rElec    +         Reflect  .   a - scarf {Spirit}
rCorr    .         Harm     .   W - +2 pair of gloves
MR       +++++     Clarity  +   Z - +2 pair of boots
Stlth    ..........             V - amulet "Yfitwy Cila" {Spirit +Inv MR+ Str+8}
HPRegen  1.23/turn              D - ring of Qeas {rC+ Slay+2 Stlth+}
MPRegen  0.25/turn              O - ring "Boqurhew" {+Inv rF+++ rN+ Str+3 Int-3}

@: flying
A: big wings, beak, claws 1, talons 1, repulsion field 1, iridescent scales 1,
thin metallic scales 1, blink, blurry vision 1, clarity, clumsy 1, cold
resistance 1, deformed body, fire resistance 1, high mp 1, magic resistance 3,
negative energy resistance 1, regeneration 1, shaggy fur 1, electricity
resistance, strong 1, wild magic 3, unbreathing, evolution 1, petrification
resistance, no potion heal 1, rot immunity, MP-powered wands, AC +20
0: Orb of Zot
}: 3/15 runes: decaying, serpentine, abyssal
a: Stop Flying, Blink, Renounce Religion, Evoke Invisibility


You escaped.
You worshipped Xom.
You were Xom's teddy bear.
You were not hungry.

You visited 9 branches of the dungeon, and saw 48 of its levels.
You visited the Abyss 2 times.
You visited 1 bazaar.
You also visited: Gauntlet, Ice Cave, Wizlab and Desolation.

You collected 8752 gold pieces.
You spent 2867 gold pieces at shops.

Inventory:

Hand Weapons
 r - the +7 mace of Variability (weapon) {chain chaos}
   (You found it on level 15 of the Dungeon)

   Each time it hits an enemy it has a different, random effect.
Missiles
 s - a throwing net (quivered)
Armour
 a - a scarf of spirit shield (worn)
   (You found it on level 9 of the Dungeon)
 b - the +8 plate armour of Potocvef (worn) {rN+ Regen+ Str-5 Slay+2}
   (You found it on level 4 of the Depths)

   It affects your strength (-5).
   It affects your accuracy and damage with ranged weapons and melee attacks
   (+2).
   It protects you from negative energy.
   It increases your rate of regeneration.
 N - the +2 hat of Distant Shores (worn) {rPois rN+ Int+2}
   (You found it on level 4 of the Depths)

   It affects your intelligence (+2).
   It protects you from poison.
   It protects you from negative energy.
 W - a +2 pair of gloves (worn)
   (You found it on level 4 of the Lair of Beasts)
 Y - the -2 hat of the Alchemist {rElec rPois rF+ rC+ rN+ MR+ rMut rCorr}
   (You found it in a wizard's laboratory)

   It protects you from fire.
   It protects you from cold.
   It insulates you from electricity.
   It protects you from poison.
   It protects you from negative energy.
   It affects your resistance to hostile enchantments.
   It provides partial protection from all sources of acid and corrosion.
   It protects you from mutation.
 Z - a +2 pair of boots (worn)
   (You bought it in a shop on level 2 of the Orcish Mines)
Jewellery
 t - the ring of Gyidoits {MR+ Stlth+}
   (You found it on level 2 of the Depths)

   [ring of stealth]

   It affects your resistance to hostile enchantments.
   It makes you more stealthy.
 D - the ring of Qeas (left hand) {rC+ Slay+2 Stlth+}
   (You found it in a Gauntlet)

   [ring of stealth]

   It affects your accuracy and damage with ranged weapons and melee attacks
   (+2).
   It protects you from cold.
   It makes you more stealthy.
 M - the ring of Mistrust {+Fly rF+ rC+ Dex-4}
   (You found it on level 2 of the Depths)

   [ring of flight]

   It affects your dexterity (-4).
   It protects you from fire.
   It protects you from cold.
   It lets you fly.
 O - the ring "Boqurhew" (right hand) {+Inv rF+++ rN+ Str+3 Int-3}
   (You found it on level 14 of the Dungeon)

   [ring of strength]

   It affects your strength (+3).
   It affects your intelligence (-3).
   It renders you almost immune to fire.
   It protects you from negative energy.
   It lets you turn invisible.
 V - the amulet "Yfitwy Cila" (around neck) {Spirit +Inv MR+ Str+8}
   (You bought it in a shop on level 2 of the Orcish Mines)

   [amulet of guardian spirit]

   It causes incoming damage to be split between your health and magic.
   It affects your strength (+8).
   It affects your resistance to hostile enchantments.
   It lets you turn invisible.
Wands
 m - a wand of digging (1)
   (You found it on level 1 of the Lair of Beasts)
 n - a wand of paralysis (32)
   (You took it off a deep elf mage on level 1 of the Elven Halls)
 u - a wand of clouds (2)
   (You found it on level 2 of the Swamp)
 v - a wand of iceblast (20)
   (You found it on level 11 of the Dungeon)
 E - a wand of acid (8)
   (You found it on level 13 of the Dungeon)
 T - a wand of enslavement (22)
   (You found it on level 10 of the Dungeon)
 X - a wand of disintegration (36)
   (You found it on level 6 of the Lair of Beasts)
Scrolls
 h - 9 scrolls of fog
 k - 18 scrolls of remove curse
 l - a scroll of magic mapping
 p - 7 scrolls of teleportation
 q - 5 scrolls of immolation
 y - 6 scrolls of vulnerability
 C - 2 scrolls of enchant armour
 I - 2 scrolls of blinking
 J - 5 scrolls of fear
 K - 10 scrolls of identify
 Q - 9 scrolls of summoning
 S - 2 scrolls of silence
 U - 3 scrolls of holy word
Potions
 d - 6 potions of heal wounds
 e - 4 potions of agility
 f - 17 potions of curing
 g - 3 potions of berserk rage
 i - 6 potions of magic
 j - 6 potions of haste
 x - 5 potions of cancellation
 z - 8 potions of might
 A - 3 potions of resistance
 B - 8 potions of lignification
 F - 2 potions of ambrosia
 G - 23 potions of mutation
 H - 9 potions of brilliance
 R - 3 potions of invisibility
Miscellaneous
 o - 2 phantom mirrors
 L - 3 boxes of beasts
 P - a lamp of fire
   (Xom gifted it to you on level 1 of the Orcish Mines)
Comestibles
 c - 79 rations


   Skills:
 O Level 27 Fighting
 - Level 20.0 Maces & Flails
 + Level 26.4 Armour
 - Level 14.0 Dodging
   Level 4.1 Shields
 - Level 15.0 Evocations


You had 26 spell levels left.
You didn't know any spells.
Your spell library contained the following spells:

 Spells                   Type           Power        Failure   Level  Hunger
 Animate Skeleton         Necr           N/A          80%         1    ##.....
 Apportation              Tloc           #.....       80%         1    ##.....
 Beastly Appendage        Tmut           #.....       80%         1    ##.....
 Confusing Touch          Hex            #.....       80%         1    ##.....
 Flame Tongue             Conj/Fire      #....        80%         1    ##.....
 Magic Dart               Conj           #...         80%         1    ##.....
 Pain                     Necr           #...         80%         1    ##.....
 Sandblast                Erth           #.....       80%         1    ##.....
 Shock                    Conj/Air       #...         80%         1    ##.....
 Summon Small Mammal      Summ           #...         80%         1    ##.....
 Corpse Rot               Necr           N/A          89%         2    ###....
 Passwall                 Tmut/Erth      #.......     89%         2    ###....
 Poisonous Vapours        Pois/Air       #.....       89%         2    ###....
 Searing Ray              Conj           #.....       89%         2    ###....
 Sticks to Snakes         Tmut           #.......     89%         2    ###....
 Throw Flame              Conj/Fire      #.....       89%         2    ###....
 Conjure Flame            Conj/Fire      #.......     98%         3    ####...
 Dazzling Spray           Conj/Hex       #.....       98%         3    ####...
 Gell's Gravitas          Tloc           #.........   98%         3    ####...
 Ignite Poison            Fire/Tmut/Pois #.......     98%         3    ####...
 Inner Flame              Hex/Fire       #.......     98%         3    ####...
 Lesser Beckoning         Tloc           #.........   98%         3    ####...
 Mephitic Cloud           Conj/Pois/Air  #.......     98%         3    ####...
 Portal Projectile        Hex/Tloc       #.....       98%         3    ####...
 Recall                   Summ/Tloc      N/A          98%         3    ####...
 Regeneration             Chrm/Necr      #.........   98%         3    ####...
 Spider Form              Tmut/Pois      #.........   98%         3    ####...
 Static Discharge         Conj/Air       #.......     98%         3    ####...
 Stone Arrow              Conj/Erth      #.....       98%         3    ####...
 Teleport Other           Tloc           #.......     98%         3    ####...
 Vampiric Draining        Necr           #.........   98%         3    ####...
 Animate Dead             Necr           N/A          100%        4    #####..
 Force Lance              Conj/Tloc      #.......     100%        4    #####..
 Fulminant Prism          Conj/Hex       #.........   100%        4    #####..
 Ice Form                 Ice/Tmut       #.......     100%        4    #####..
 Iskenderun's Mystic Bla  Conj           #.......     100%        4    #####..
 Leda's Liquefaction      Hex/Erth       #.........   100%        4    #####..
 Petrify                  Tmut/Erth      #.......     100%        4    #####..
 Sticky Flame             Conj/Fire      #.......     100%        4    #####..
 Alistair's Intoxication  Tmut/Pois      #.......     100%        5    ######.
 Aura of Abjuration       Summ           #.........   100%        5    ######.
 Blade Hands              Tmut           #.........   100%        5    ######.
 Bolt of Magma            Conj/Fire/Erth #.........   100%        5    ######.
 Borgnjor's Vile Clutch   Necr/Erth      #.........   100%        5    ######.
 Dispel Undead            Necr           #.......     100%        5    ######.
 Fireball                 Conj/Fire      #.........   100%        5    ######.
 Irradiate                Conj/Tmut      #.........   100%        5    ######.
 Iskenderun's Battlesphe  Conj/Chrm      #.......     100%        5    ######.
 Lee's Rapid Deconstruct  Erth           #.........   100%        5    ######.
 Summon Demon             Summ           #.........   100%        5    ######.
 Summon Forest            Summ/Tloc      #.........   100%        5    ######.
 Summon Mana Viper        Hex/Summ       #.......     100%        5    ######.
 Venom Bolt               Conj/Pois      #.........   100%        5    ######.
 Yara's Violent Unravell  Hex/Tmut       #.........   100%        5    ######.
 Dispersal                Tloc           #.........   100%        6    #######
 Freezing Cloud           Conj/Ice/Air   #.........   100%        6    #######
 Hydra Form               Tmut           #.........   100%        6    #######
 Iron Shot                Conj/Erth      #.........   100%        6    #######
 Shadow Creatures         Summ           N/A          100%        6    #######
 Dragon Form              Tmut           #.........   100%        7    #######
 Orb of Destruction       Conj           #.........   100%        7    #######
 Ring of Flames           Chrm/Fire      #.........   100%        7    #######
 Spellforged Servitor     Conj/Summ      #.........   100%        7    #######
 Summon Hydra             Summ           #.........   100%        7    #######
 Controlled Blink         Tloc           N/A          100%        8    #######
 Disjunction              Tloc           #.........   100%        8    #######
 Shatter                  Erth           #.........   100%        9    #######
 Sublimation of Blood     Necr           Unusable     N/A         2    N/A
 Statue Form              Tmut/Erth      Unusable     N/A         6    N/A

Dungeon Overview and Level Annotations

Branches:
Dungeon (15/15)            Temple (0/1) D:7            Lair (6/6) D:11
  Swamp (4/4) Lair:4        Snake (4/4) Lair:4        Slime (0/5) Lair:6
    Orc (2/2) D:12            Elf (3/3) Orc:2        Vaults (4/5) D:14
  Crypt (0/3) Vaults:3     Depths (5/5) D:15            Zot (5/5) Depths:5

Altars:
Elyvilon
Gozag
Hepliaklqana
Makhleb
Nemelex Xobeh
Qazlal
Ru
Trog
Wu Jian
Xom
Yredelemnul
Zin
Jiyva
Lugonu

Shops:
D:8 !   Orc:2 [=(*   Elf:1 }   Elf:2 *   Elf:3 (   Snake:2 =}}   Snake:3 *%
Vaults:1 }}:   Vaults:3 ?*!=   Vaults:4 (((

Portals:
Hell: Depths:1 Depths:2 Depths:3 Depths:4 Depths:5
Abyss: Depths:2 Depths:3 Depths:4 Depths:5
Pandemonium: Depths:2 Depths:3
Ziggurat: Depths:3
Trove: Elf:1 (give 6 potions of agility)

Annotations:
D:4 1 runed translucent door, Crazy Yiuf
D:8 3 runed translucent doors, exclusion: 3 doors, petercordia's ghost, novice CeHu
D:9 1 runed translucent door, Yosebu's ghost, novice TrBe
D:14 2 transporters, Feotso's ghost, journeyman SpEn
Lair:2 2 transporters, Dasij's ghost, journeyman VSMo
Lair:5 3 runed translucent doors, exclusion: 3 doors, loom's ghost, journeyman MiBe
Swamp:3 exclusion: Roxanne, Roxanne
Vaults:3 exclusion: orange crystal statue


Innate Abilities, Weirdness & Mutations

You are resistant to torment.
Your stone body is resilient. (AC +20)
You are immune to poison.
Your large and strong wings let you fly indefinitely.
You resist negative energy. (rN+)
You are resistant to electric shocks. (rElec)
You can survive without breathing.
You are immune to petrification.
You are immune to rotting.
You have a beak for a mouth.
You have sharp fingernails.
You have sharp toenails.
You are surrounded by a mild repulsion field. (EV +2)
You are partially covered in iridescent scales. (AC +2)
You are partially covered in thin metallic scales. (AC +2)
You can translocate small distances at will.
Scrolls take you a little longer to read.
You possess an exceptional clarity of mind.
You are clumsy. (Dex -2)
Your flesh is cold resistant. (rC+)
Armour fits poorly on your strangely shaped body.
Your flesh is heat resistant. (rF+)
You have an increased reservoir of magic. (+10% MP)
You are extremely resistant to the effects of hostile enchantments. (MR+++)
Your natural rate of healing is unusually fast.
You are covered in fur. (AC +1)
Your muscles are strong. (Str +2)
Your spells are much harder to cast, but much more powerful.
You evolve.
Potions are less effective at restoring your health.
You expend magic power (3 MP) to strengthen your wands.


Message History

(Z) Zot
Where to? (Enter - D:1 @ (x,y), ? - help)
There is an open door here.
You see here a +0 club.
There is a stone staircase leading up here.
You fly upwards.
The azure jelly quivers.
The azure jelly is too close now for your liking.
There is a stone staircase leading down here.
Unknown command.
The azure jelly changes into an iron troll!
You crush the iron troll like a grape!!!
The mace of Variability scintillates.
A swirling arc of seething chaos appears!
The arc of chaos hits the iron troll.
The iron troll is heavily wounded.
The arc of chaos hits the iron troll!
The iron troll is drained!
The iron troll is severely wounded.
The arc of chaos hits the iron troll.
The iron troll is severely wounded.
The arc of chaos hits the iron troll.
The iron troll flickers and vanishes!
Deactivating autopickup; reactivate with Ctrl-A.
You peck something.
No target in view!
No target in view!
Unknown command.
You hit something. Something bites you but does no damage.
Something claws you but does no damage. x2
You barely miss something.
Unknown command.
You sock something!
The mace of Variability scintillates.
A swirling arc of seething chaos appears!
The arc of chaos hits something.
Reactivating autopickup.
You feel a bit more experienced.
The arc of chaos grounds out.
Unknown command.
(D) Dungeon (T) Temple (L) Lair (S) Swamp (P) Snake Pit (M) Slime Pits (O) Orcish Mines (E) Elven Halls (V) Vaults (C) Crypt (U) Depths (H) Hell (Z) Zot
Where to? (Enter - D:1 @ (x,y), ? - help)
There is a stone staircase leading up here.
You fly upwards.
There is a stone staircase leading down here.
There is a staircase leading out of the dungeon here.
Unknown command.
Unknown command.
Enter note: gg
Enter note: mace of variability with xom, very nice You have escaped!

...............P.P....##.....#
##......####..P#≈#P....#....##
#......# #..##≈##....#.#..#
#......# #..≈≈≈≈≈.....>####
#......# #..##≈##.......#
##......####..P#≈#P...###.#
#.)........#...P.P......#.#
...........#.........##.#.#
....÷.....÷#....@....##.#.##
...........#.........##....#
...........#...P.P...####..###
...........#..P#≈#P..####....#
...........#..##≈##..##......#
..)#########..≈≈≈≈≈..##.##.#.#
...# #..##≈##..##....#.# ...#
#..P#≈#P..##..##### ..##
#...P.P...##..########


There were no monsters in sight!

Vanquished Creatures
  2 orbs of fire
  Mara (Depths:2)
  2 ancient liches
  A Killer Klown (Zot:3)
  Boris (Depths:5)
  Saint Roka (Depths:2)
  Vashnia (Snake:4)
  Margery (Vaults:3)
  11 caustic shrikes
  3 curse toes (Zot:3)
  the Enchantress (Depths:4)
  A mutant beast (WizLab)
  7 golden dragons
  A Brimstone Fiend (D:3)
  7 electric golems
  12 tentacled monstrosities
  4 liches
  16 Orb Guardians
  A deep elf blademaster (Elf:2)
  7 quicksilver dragons
  6 titans
  4 sphinxes
  6 death cobs
  2 thorn hunters
  A tentacled starspawn (Abyss:3)
  3 draconian monks
  15 storm dragons
  A daeva (Depths:1)
  2 tengu reavers (Depths:2)
  9 shadow dragons
  6 frost giants
  5 draconian knights
  10 fire giants
  9 nagarajas (Snake:4)
  An orc warlord (Orc:1)
  An iron dragon (Depths:3)
  2 deep elf sorcerers
  A ghost moth (Zot:5)
  Louise (Depths:3)
  2 draconian scorchers (Zot:1)
  A curse skull (Depths:4)
  2 draconian shifters
  2 vault wardens
  3 imperial myrmidons (Desolation)
  A ghost moth (shapeshifter) (Elf:1)
  5 draconian stormcallers
  A deep elf elementalist (Depths:3)
  A balrug (Gauntlet)
  2 war gargoyles (Vaults:4)
  4 spriggan defenders
  20 stone giants
  3 draconian annihilators
  24 very ugly things
  4 ironheart preservers (Vaults:4)
  An angel (Depths:1)
  2 entropy weavers
  2 juggernaut skeletons (Depths:3)
  A dire elephant (D:15)
  A green draconian (Zot:2)
  2 vampire knights
  3 deep elf demonologists
  A minotaur (Gauntlet)
  2 yellow draconians
  3 deep elf annihilators (Depths:4)
  8 red draconians
  6 white draconians
  4 black draconians
  6 purple draconians
  9 spark wasps
  8 ettins
  Snorg (Lair:4)
  4 crystal guardians (Desolation)
  3 jiangshi (Depths:3)
  5 ragged hierophants (Desolation)
  10 fire dragons
  A deep elf death mage (Elf:3)
  11 servants of whispers
  6 great orbs of eyes
  3 deep elf high priests
  A hell beast (Depths:4)
  8 peacekeepers (Desolation)
  Fannar (Lair:2)
  8 vault guards
  9 yaktaur captains
  11 rakshasas
  25 hydras
  A merfolk avatar (Lair:6)
  A caustic shrike simulacrum (Depths:3)
  A catoblepas (Lair:3)
  2 shambling mangroves (Swamp:4)
  A ghost crab (Swamp:4)
  7 spriggan air magi
  10 naga warriors
  7 anacondas
  10 ice dragons
  A merfolk aquamancer (Depths:2)
  Erica (D:9)
  13 centaur warriors
  14 alligators
  6 death knights
  3 orc high priests
  10 deep troll shamans
  A two-headed ogre (shapeshifter) (Elf:1)
  27 two-headed ogres
  5 tengu warriors
  3 vampire magi (Depths:3)
  12 ogre magi
  11 naga sharpshooters
  22 dancing weapons
  13 deep troll earth magi
  6 spriggan berserkers
  18 deep elf knights
  3 sun demons (Depths:4)
  10 soul eaters (Depths:4)
  3 shock serpents
  An iron golem (WizLab)
  4 wretched stars (Abyss:3)
  5 skeletal warriors (Vaults:1)
  A fire crab (shapeshifter) (WizLab)
  19 hell knights
  2 sixfirhies (Abyss:3)
  4 shadow wraiths
  5 iron trolls
  A deep troll (shapeshifter) (Vaults:2)
  An iron troll (shapeshifter) (D:2)
  3 sea snakes
  5 flayed ghosts
  3 starcursed masses (Abyss:3)
  19 deep trolls
  A cherub (Depths:1)
  An unseen horror (shapeshifter) (WizLab)
  A swamp dragon (shapeshifter) (Vaults:4)
  A death drake (shapeshifter) (WizLab)
  6 naga ritualists
  3 unseen horrors (D:15)
  2 spriggan druids (Swamp:4)
  5 glowing orange brains
  An obsidian statue (Depths:4)
  6 harpies
  7 large abominations (WizLab)
  14 swamp dragons
  16 deep elf archers
  6 wizards
  15 ironbrand convokers
  52 deep elf magi
  8 necromancers
  3 lindwurms (Swamp:4)
  A wolf spider zombie (D:14)
  A faun (Desolation)
  11 orc knights
  3 phantasmal warriors
  A sphinx skeleton (Depths:3)
  6 orc sorcerers
  A salamander (shapeshifter) (Depths:1)
  54 ugly things
  9 mana vipers
  A frost giant zombie (Depths:3)
  A glowing shapeshifter (Depths:2)
  An orb spider (shapeshifter) (WizLab)
  8 salamanders
  A cyclops (shapeshifter) (Depths:3)
  4 wolf spiders
  7 cyclopes
  4 manticores
  A guardian serpent (shapeshifter) (WizLab)
  A frost giant skeleton (Depths:3)
  A rust devil (Depths:4)
  19 moths of wrath
  9 elephants (Lair:6)
  10 vault sentinels
  20 naga magi
  An orange demon (Abyss:3)
  31 black mambas
  2 black mambas (shapeshifter)
  2 apocalypse crabs
  3 ice statues (IceCv)
  14 guardian serpents
  2 spiny frogs (shapeshifter)
  15 spiny frogs
  2 gargoyles
  3 kobold demonologists
  An elf zombie (Depths:3)
  3 centaur skeletons
  2 rime drakes
  2 yaktaurs (shapeshifter)
  2 ice devils (Depths:4)
  31 yaktaurs
  An efreet (D:15)
  2 rime drakes (shapeshifter) (WizLab)
  3 komodo dragons (shapeshifter) (WizLab)
  6 komodo dragons
  An ancient zyme (Abyss:3)
  A harpy zombie (D:14)
  4 freezing wraiths
  A silent spectre (Depths:4)
  2 red devils (Depths:4)
  4 tengu conjurers
  4 polar bears (shapeshifter)
  A spriggan skeleton (Depths:4)
  10 trolls
  A merfolk (shapeshifter) (Depths:4)
  3 merfolk
  A troll (shapeshifter) (WizLab)
  2 wind drakes (Lair:6)
  3 meliai
  A jumping spider (Vaults:2)
  A meliai (shapeshifter) (Depths:4)
  A jumping spider (shapeshifter) (WizLab)
  2 hornets (shapeshifter)
  A wind drake (shapeshifter) (WizLab)
  8 bog bodies
  6 polar bears
  3 raiju
  A queen bee (shapeshifter) (Swamp:3)
  26 hornets
  35 slime creatures
  A blink frog (shapeshifter) (WizLab)
  A dream sheep (shapeshifter) (WizLab)
  12 tyrant leeches
  67 saltlings
  A raiju (shapeshifter) (Vaults:1)
  17 blink frogs
  A frost giant simulacrum (Depths:3)
  14 hippogriffs
  A shapeshifter (Orc:1)
  A flying skull (Abyss:3)
  7 hippogriffs (shapeshifter)
  A redback (Vaults:2)
  19 spriggans
  3 air elementals
  6 shadows
  A centaur simulacrum (D:15)
  6 water elementals
  4 wraiths
  2 tarantellas
  A fire elemental (Elf:1)
  5 wyverns
  14 yaks
  A basilisk (Lair:6)
  A ynoxinul (Abyss:3)
  Eustachio (D:4)
  3 tarantellas (shapeshifter)
  A wyvern (shapeshifter) (Depths:5)
  20 humans (D:14)
  A yak (shapeshifter) (WizLab)
  A human (shapeshifter) (Vaults:2)
  2 golden eyes (shapeshifter)
  2 hogs (shapeshifter)
  2 human simulacra (Vaults:2)
  3 chaos spawn (D:15)
  2 hungry ghosts
  A steam dragon (Depths:2)
  A neqoxec (Abyss:3)
  7 small abominations
  6 vampire mosquitoes
  A steam dragon (shapeshifter) (Vaults:3)
  17 swamp worms
  A spatial vortex (Vaults:4)
  2 swamp worms (shapeshifter)
  A soldier ant (shapeshifter) (Elf:2)
  12 water moccasins
  2 hell hounds (Gauntlet)
  19 wargs
  4 acid dragons
  2 acid dragons (shapeshifter)
  4 soldier ants
  57 nagas
  8 floating eyes
  2 porcupines
  A deep troll skeleton (Vaults:2)
  41 orc warriors
  12 swamp drakes
  7 ice beasts
  7 sky beasts
  A meliai simulacrum (D:15)
  3 necrophages (D:12)
  2 eyes of draining (shapeshifter)
  2 ice beasts (shapeshifter)
  An eye of draining (D:11)
  3 black bears
  23 ogres
  15 wolves
  A black bear (shapeshifter) (WizLab)
  16 centaurs
  2 phantoms
  19 boggarts
  8 crocodiles
  3 big kobolds
  A big kobold (shapeshifter) (Elf:3)
  3 earth elementals
  19 bullfrogs
  3 wyvern zombies
  4 scorpions
  8 killer bees
  An elf simulacrum (Vaults:2)
  A water moccasin skeleton (D:8)
  19 wights
  3 howler monkeys
  4 electric eels
  14 crimson imps
  4 centaur zombies
  2 quasits
  3 bullfrog zombies (D:12)
  7 iron imps
  18 orc priests
  31 orc wizards
  6 jellies
  A bullfrog skeleton (D:11)
  6 hounds
  12 worker ants
  A killer bee zombie (D:8)
  2 hound skeletons
  A mummy (D:12)
  2 worker ant zombies
  3 gnolls
  15 adders
  6 shadow imps
  4 white imps
  An adder zombie (D:8)
  A worm (D:2)
  4 dart slugs
  6 leopard geckos
  70 orcs
  4 bats
  11 giant cockroaches
  5 goblins
  6 hobgoblins
  5 jackals
  7 quokkas
  2 ball pythons
  8 frilled lizards
  2 jackal skeletons (D:4)
  18 kobolds
  10 rats
  2 fungi (Orc:2)
  2 plants
  4 starspawn tentacles (Abyss:3)
2187 creatures vanquished.

Vanquished Creatures (collateral kills)
  Rupert (Lair:4)
  An ettin (Vaults:4)
  A tengu warrior (Depths:3)
  Urug (Lair:1)
  2 hell knights (Depths:3)
  2 slime creatures (D:11)
  A black mamba (Snake:4)
  A spiny frog (shapeshifter) (Vaults:4)
  A kobold demonologist (D:11)
  A queen bee (shapeshifter) (Elf:2)
  A wind drake (shapeshifter) (Vaults:3)
  A vampire mosquito (Swamp:4)
  A wight (D:2)
  Ijyb (D:3)
  2 gnolls (D:2)
  An adder (D:3)
  An orc (D:6)
20 creatures vanquished.

Vanquished Creatures (others)
  A tentacled monstrosity (Zot:1)
  A quicksilver dragon (Depths:2)
  An eldritch tentacle (Depths:3)
  A shadow dragon (Zot:2)
  A nagaraja (Snake:4)
  A draconian shifter (Zot:2)
  2 draconian stormcallers
  A stone giant (Depths:2)
  A draconian annihilator (Zot:2)
  A red draconian (Zot:1)
  A yaktaur captain (Depths:1)
  An ice dragon (Depths:1)
  2 vault guards
  An anaconda (Elf:2)
  A two-headed ogre (Vaults:3)
  A shambling mangrove (Swamp:3)
  3 dancing weapons
  A deep troll shaman (Depths:1)
  A spriggan rider (Depths:5)
  2 deep elf knights
  A deep troll (Depths:4)
  A glowing orange brain (Depths:1)
  A swamp dragon (Swamp:3)
  A harpy (Vaults:3)
  A deep elf mage (Depths:4)
  An ironbrand convoker (Vaults:3)
  A moth of wrath (Zot:2)
  A torpor snail (Lair:5)
  A naga mage (Snake:4)
  A yaktaur (Depths:1)
  A queen bee (shapeshifter) (WizLab)
  A raiju (Abyss:3)
  A tengu simulacrum (Vaults:2)
  A blink frog (Swamp:4)
  A saltling (Vaults:1)
  A yak (shapeshifter) (D:15)
  A yak (Lair:5)
  A human (Depths:4)
  A naga (Snake:4)
  2 ice beasts (IceCv)
  An orc warrior (Depths:2)
  A swamp drake (Swamp:4)
  2 phantoms
  A boggart (Vaults:1)
  A hound (D:11)
  An orc priest (Vaults:2)
  A shadow imp (Depths:4)
  An orc (Orc:1)
  A kobold (D:11)
  2 briar patches (Swamp:4)
  3 demonic plants (Gauntlet)
  A fire vortex (Depths:5)
  9 fungi
  2 plants
  2 starspawn tentacles (Abyss:3)
  2 withered plants (D:12)
77 creatures vanquished.

Grand Total: 2284 creatures vanquished

Notes
Turn   | Place    | Note
-------+----------+-------------------------------------------
     0 | D:1      | Flugkiller the Gargoyle Chaos Knight began the quest for
                  | the Orb.
     0 | D:1      | Reached XP level 1. HP: 14/14 MP: 1/1
   146 | D:1      | XOM: potion effect (agility)
   149 | D:1      | Reached XP level 2. HP: 17/19 MP: 2/2
   209 | D:1      | XOM: potion effect (might)
   506 | D:2      | XOM: divination: magic mapping
   582 | D:2      | XOM: divination: magic mapping
   659 | D:2      | XOM: summons friendly quasit
   665 | D:2      | Reached XP level 3. HP: 24/24 MP: 3/3
   764 | D:2      | XOM: smoke on damage
   785 | D:2      | XOM: enchant monster (good)
   790 | D:2      | Reached skill level 4 in Fighting
   807 | D:2      | XOM: scenery: 2 doors close
   854 | D:2      | XOM: cloud trail
   915 | D:2      | Noticed a glowing shapeshifter
   915 | D:2      | a gnoll changed into a glowing shapeshifter
  1028 | D:2      | Noticed a deep troll
  1028 | D:2      | XOM: potion effect (might)
  1028 | D:2      | Noticed a slime creature
  1028 | D:2      | a deep troll changed into a slime creature
  1304 | D:2      | Reached XP level 4. HP: 29/29 MP: 4/4
  1385 | D:2      | XOM: cleaving
  1766 | D:2      | Found a sacrificial altar of Ru.
  1796 | D:2      | XOM: noise
  1990 | D:3      | XOM: divination: detect creatures
  1991 | D:3      | XOM: summons 3 friendly demons
  2001 | D:3      | Reached XP level 5. HP: 22/34 MP: 5/5
  2196 | D:3      | Noticed Ijyb
  2215 | D:3      | XOM: 3-stop teleportation journey
  2326 | D:3      | XOM: cast spell 'Summon Dragon'
  2335 | D:3      | Killed Ijyb
  2335 | D:3      | Reached skill level 5 in Maces & Flails
  2711 | D:3      | XOM: enchant monster (good)
  2714 | D:3      | XOM: confuse monster(s)
  2725 | D:3      | Reached XP level 6. HP: 40/40 MP: 6/6
  2747 | D:3      | XOM: enchant monster (good)
  2765 | D:2      | XOM: divination: detect items
  2795 | D:2      | XOM: potion effect (curing)
  2797 | D:2      | XOM: god gift: 2 bubbling red potions {god gift}
  3054 | D:2      | XOM: god gift: scroll labeled APHUSA NEIT {god gift}
  3171 | D:2      | XOM: harmless Pois miscast
  3247 | D:3      | Reached skill level 5 in Fighting
  3343 | D:3      | XOM: harmless Tmut miscast
  3422 | D:3      | XOM: summons 3 hostile demons
  3730 | D:3      | XOM: silly message
  3907 | D:4      | Found a basalt altar of Yredelemnul.
  3957 | D:4      | XOM: divination: magic mapping
  4077 | D:4      | XOM: confusion
  4079 | D:4      | XOM: confusion (+ monsters)
  4236 | D:4      | XOM: enchant monster (bad)
  4431 | D:4      | Noticed Eustachio
  4439 | D:4      | Killed Eustachio
  4439 | D:4      | Reached XP level 7. HP: 43/44 MP: 7/7
  4720 | D:4      | Found a runed translucent door.
  4724 | D:4      | Got a smoking mace
  4751 | D:4      | Identified the +3 mace of Hixy {crush, rPois rC++ Dex+3}
                  | (You found it on level 4 of the Dungeon)
  4753 | D:4      | Noticed Crazy Yiuf
  4858 | D:5      | Entered Level 5 of the Dungeon
  4859 | D:5      | XOM: butterfly on damage
  5009 | D:4      | XOM: cloud trail
  5549 | D:5      | XOM: confuse monster(s)
  5552 | D:5      | XOM: potion effect (curing)
  5558 | D:5      | Reached skill level 6 in Fighting
  5558 | D:5      | Reached XP level 8. HP: 48/51 MP: 8/8
  5704 | D:5      | XOM: cloud trail
  5712 | D:5      | Found a white marble altar of Elyvilon.
  5715 | D:5      | Found a burning altar of Makhleb.
  5886 | D:5      | Noticed an air elemental
  5887 | D:5      | Found a stormy altar of Qazlal.
  5888 | D:5      | Noticed a water elemental
  5947 | D:5      | Found a sparkling altar of Nemelex Xobeh.
  6225 | D:6      | XOM: divination: magic mapping
  6242 | D:6      | Reached skill level 5 in Armour
  6254 | D:6      | Found a hazy altar of Hepliaklqana.
  6382 | D:6      | XOM: harmless Tloc miscast
  6401 | D:6      | XOM: 6-stop teleportation journey
  6536 | D:6      | XOM: confuse monster(s)
  6659 | D:6      | Reached skill level 7 in Fighting
  6659 | D:6      | Reached XP level 9. HP: 49/57 MP: 9/9
  6787 | D:5      | XOM: give mutation
  6787 | D:5      | Gained mutation: Your mind is acute. (Int +2) [Xom's grace]
  6806 | D:5      | XOM: harmless Conj miscast
  7225 | D:7      | XOM: scenery: create altars
  7230 | D:7      | XOM: divine lightning
  7248 | D:7      | Found a staircase to the Ecumenical Temple.
  7344 | D:7      | XOM: smoke on damage
  7446 | D:7      | Reached skill level 1 in Dodging
  7621 | D:7      | XOM: give mutation
  7621 | D:7      | Gained mutation: You have a pair of small horns on your
                  | head. [Xom's grace]
  8044 | D:8      | Noticed a two-headed ogre
  8051 | D:8      | XOM: confuse monster(s)
  8058 | D:8      | Killed a two-headed ogre
  8058 | D:8      | Reached skill level 8 in Fighting
  8058 | D:8      | Reached skill level 10 in Maces & Flails
  8207 | D:8      | XOM: silly message
  8212 | D:8      | XOM: confusion
  8215 | D:8      | XOM: noise
  8221 | D:8      | Reached XP level 10. HP: 61/64 MP: 10/10
  8233 | D:8      | XOM: noise
  8341 | D:8      | XOM: harmless Pois miscast
  8442 | D:8      | Found a runed translucent gate.
  8442 | D:8      | Found a runed translucent gate.
  8443 | D:8      | Found a runed translucent gate.
  8444 | D:8      | Noticed petercordia's ghost (novice CeHu)
  8466 | D:8      | XOM is BORED!
  8466 | D:8      | XOM: give mutations
  8466 | D:8      | Gained mutation: Your muscles are strong. (Str +2) [Xom's
                  | mischief]
  8466 | D:8      | Gained mutation: Your muscles are very strong. (Str +4)
                  | [Xom's mischief]
  8538 | D:8      | Found Ojekh's Distillery.
  8557 | D:8      | Bought 2 potions of agility for 88 gold pieces
  8559 | D:8      | Bought a potion of magic for 88 gold pieces
  8559 | D:8      | Bought a potion of brilliance for 44 gold pieces
  8576 | D:8      | Found a glowing silver altar of Zin.
  8621 | D:8      | Bought a potion of ambrosia for 88 gold pieces
  8914 | D:9      | XOM: noise
  8919 | D:9      | Noticed Erica
  8955 | D:9      | Killed Erica
  8986 | D:9      | XOM: mild Erth miscast
  9013 | D:9      | XOM: polymorph shadow imp -> iron imp
  9014 | D:9      | XOM: summons 4 friendly demons
  9080 | D:9      | XOM: fog
  9095 | D:9      | XOM: swap monsters
  9127 | D:9      | XOM: enchant monster (good)
  9144 | D:9      | XOM: mild Erth miscast
  9146 | D:9      | XOM: mild Tmut miscast
  9151 | D:9      | XOM: harmless Air miscast
  9207 | D:9      | XOM: harmless Chrm miscast
  9478 | D:9      | XOM: enchant monster (good)
  9485 | D:9      | Reached skill level 9 in Fighting
  9495 | D:9      | XOM: polymorph killer bee -> centaur
  9505 | D:9      | XOM: summons friendly crimson imp
  9523 | D:9      | Found a runed translucent door.
  9535 | D:9      | Noticed Yosebu's ghost (novice TrBe)
  9583 | D:9      | Found an ornate altar of the Wu Jian Council.
  9616 | D:9      | XOM: polymorph crimson imp -> quasit
  9824 | D:10     | Entered Level 10 of the Dungeon
 10138 | D:10     | Got a clouded crystal amulet
 10139 | D:10     | Identified the amulet "Jaodevid" {Inacc rElec rN+} (You
                  | found it on level 10 of the Dungeon)
 10182 | D:10     | Noticed a cyclops
 10182 | D:10     | XOM: cleaving
 10185 | D:10     | XOM: cast spell 'Summon Ice Beast'
 10193 | D:10     | Reached skill level 1 in Evocations
 10195 | D:10     | XOM: butterfly on damage
 10270 | D:10     | XOM: summons friendly quasit
 10274 | D:10     | Killed a cyclops
 10274 | D:10     | Reached XP level 11. HP: 55/71 MP: 9/12
 10283 | D:10     | XOM: polymorph quasit -> white imp
 10401 | D:10     | XOM: harmless Tloc miscast
 10558 | D:10     | XOM: noise
 10574 | D:10     | XOM: mild Necr miscast
 10661 | D:11     | Noticed a cyclops
 10695 | D:11     | XOM: swap monsters
 10703 | D:11     | Killed a cyclops
 10856 | D:11     | XOM: blink monster(s)
 10880 | D:11     | XOM: fake destruction
 11033 | D:11     | XOM: harmless Fire miscast
 11046 | D:11     | XOM: swap monsters
 11076 | D:11     | Noticed a manticore
 11104 | D:11     | Noticed a swamp dragon
 11104 | D:11     | a manticore changed into a swamp dragon
 11104 | D:11     | XOM: polymorph manticore -> swamp dragon
 11107 | D:11     | Killed a swamp dragon
 11305 | D:11     | Found a staircase to the Lair.
 11321 | D:11     | XOM: 5-stop teleportation journey
 11392 | D:11     | XOM: enchant monster (good)
 11397 | D:11     | XOM: destruction
 11406 | D:11     | XOM: cast spell 'Discord'
 11407 | D:11     | Reached skill level 10 in Fighting
 11411 | D:11     | XOM: scenery: create altars
 11423 | D:11     | XOM: divination: detect creatures
 11431 | D:11     | XOM: give mutations
 11431 | D:11     | Lost mutation: Your mind is acute. (Int +2) [Xom's
                  | mischief]
 11431 | D:11     | Gained mutation: Your magical capacity is low. (-10% MP)
                  | [Xom's mischief]
 11439 | D:11     | XOM: summons 6 friendly demons
 11634 | D:11     | XOM: give mutations
 11634 | D:11     | Lost mutation: Your muscles are very strong. (Str +4)
                  | [Xom's mischief]
 11634 | D:11     | Gained mutation: You are clumsy. (Dex -2) [Xom's mischief]
 11751 | D:11     | XOM: give mutations
 11751 | D:11     | Gained mutation: You are frail. (-10% HP) [Xom's mischief]
 11751 | D:11     | Lost mutation: You are clumsy. (Dex -2) [Xom's mischief]
 11786 | Lair:1   | Entered Level 1 of the Lair of Beasts
 11792 | Lair:1   | XOM: blink monster(s)
 11792 | Lair:1   | Noticed Urug
 11872 | D:11     | XOM: noise
 11918 | D:11     | XOM: harmless Tmut miscast
 11992 | Lair:1   | XOM: summons 2 friendly demons
 12001 | Lair:1   | Killed Urug
 12060 | D:11     | XOM: medium Chrm miscast
 12157 | Lair:1   | XOM: god gift: scale mail {god gift}
 12501 | Lair:1   | XOM is BORED!
 12501 | Lair:1   | XOM: give mutations
 12501 | Lair:1   | Lost mutation: Your magical capacity is low. (-10% MP)
                  | [Xom's mischief]
 12501 | Lair:1   | Gained mutation: Scrolls take you a little longer to read.
                  | [Xom's mischief]
 12501 | Lair:1   | Lost mutation: Your muscles are strong. (Str +2) [Xom's
                  | mischief]
 12501 | Lair:1   | Gained mutation: You are dopey. (Int -2) [Xom's mischief]
 12565 | Lair:1   | XOM: cloud trail
 12707 | Lair:1   | Noticed a seven-headed hydra
 12712 | Lair:1   | XOM: cleaving
 12723 | Lair:1   | Killed a seven-headed hydra
 12759 | Lair:1   | XOM: cleaving
 12765 | Lair:1   | Reached XP level 12. HP: 68/70 MP: 13/15
 12799 | Lair:1   | XOM: scenery: create altars
 12994 | Lair:1   | XOM: scenery: create altars
 13084 | Lair:2   | Found a frozen archway.
 13096 | Lair:2   | Noticed Fannar
 13107 | Lair:2   | XOM: destruction
 13122 | Lair:2   | Killed Fannar
 13122 | Lair:2   | Reached skill level 10 in Armour
 13122 | Lair:2   | XOM: divination: magic mapping
 13153 | IceCv    | Entered an ice cave
 13163 | IceCv    | XOM: destruction
 13190 | IceCv    | Got a steaming buckler
 13196 | IceCv    | Identified the +5 buckler of Demons {rN+ MR- Stlth+} (You
                  | found it in an ice cave)
 13224 | IceCv    | XOM: scenery: create altars
 13241 | IceCv    | XOM: scenery: create altars
 13244 | IceCv    | XOM: 7-stop teleportation journey
 13555 | IceCv    | XOM: silly message
 13567 | IceCv    | XOM: divination: magic mapping
 13571 | IceCv    | XOM: polymorph ice beast -> bullfrog
 13575 | IceCv    | Reached skill level 1 in Shields
 13719 | IceCv    | Reached skill level 5 in Evocations
 13797 | Lair:2   | XOM: cloud trail
 13833 | Lair:2   | XOM: scenery: create altars
 13869 | Lair:2   | Found a transporter.
 13873 | Lair:2   | XOM: 4-stop teleportation journey
 13877 | Lair:2   | XOM: god gift: thick smoking staff {god gift}
 13888 | Lair:2   | Reached skill level 11 in Fighting
 13994 | Lair:2   | XOM is BORED!
 13994 | Lair:2   | XOM: enchant monster (bad)
 13995 | Lair:2   | XOM: scenery: create altars
 14000 | Lair:2   | XOM: mild Necr miscast
 14010 | Lair:2   | XOM: cast spell 'Dispersal'
 14042 | Lair:2   | Found a transporter.
 14058 | Lair:2   | Found a bloodstained altar of Trog.
 14058 | Lair:2   | Noticed Dasij's ghost (journeyman VSMo)
 14059 | Lair:2   | Identified the +9 trident of the Queen {speed, rF+ Stlth+}
 14059 | Lair:2   | Noticed a spriggan rider
 14067 | Lair:2   | Identified the cursed +3 trident "Tormentor" {vamp, rC+
                  | MP+9 Dex+2}
 14067 | Lair:2   | Noticed a spriggan rider
 14087 | Lair:2   | XOM: enchant monster (good)
 14122 | Lair:2   | XOM: 5-stop teleportation journey
 14573 | Lair:2   | XOM: god gift: 45 gold pieces
 14827 | Lair:3   | XOM: medium Pois miscast
 14852 | Lair:3   | XOM: polymorph spiny frog -> hippogriff
 14855 | Lair:3   | XOM: enchant monster (good)
 14857 | Lair:3   | XOM: silly message
 14968 | Lair:3   | Noticed a four-headed hydra
 14975 | Lair:3   | Killed a four-headed hydra
 14997 | Lair:3   | XOM: divination: detect creatures
 15008 | Lair:3   | Reached XP level 13. HP: 70/75 MP: 16/16
 15516 | Lair:4   | XOM: cloud trail
 15550 | Lair:4   | XOM: silly message
 15572 | Lair:4   | Noticed Sonja
 15573 | Lair:4   | Noticed Sonja
 15573 | Lair:4   | Sonja changed into Sonja the acid dragon
 15579 | Lair:4   | Killed Sonja the acid dragon
 15834 | Lair:4   | XOM: polymorph blink frog -> warg
 15879 | Lair:4   | Found a staircase to the Swamp.
 15911 | Lair:4   | Found a staircase to the Snake Pit.
 15919 | Lair:4   | Noticed Snorg
 15923 | Lair:4   | XOM: scenery: create altars
 15929 | Lair:4   | XOM: fake destruction
 15932 | Lair:4   | XOM: destruction
 15937 | Lair:4   | Killed Snorg
 16033 | Lair:4   | XOM: scenery: create altars
 16129 | Lair:4   | Noticed Rupert
 16134 | Lair:4   | Paralysed by Rupert for 4 turns
 16142 | Lair:4   | XOM: summons friendly quasit
 16150 | Lair:4   | XOM: summons 3 friendly demons
 16153 | Lair:4   | XOM: summons 5 friendly demons
 16163 | Lair:4   | Killed Rupert
 16163 | Lair:4   | Reached skill level 12 in Fighting
 16188 | Lair:4   | XOM: 4-stop teleportation journey
 16562 | Lair:4   | XOM: harmless Necr miscast
 16661 | Lair:5   | Reached skill level 15 in Maces & Flails
 16838 | Lair:5   | Found a runed translucent gate.
 16838 | Lair:5   | Found a runed translucent gate.
 16838 | Lair:5   | Found a runed translucent gate.
 16838 | Lair:5   | Noticed a death ooze
 16840 | Lair:5   | Noticed loom's ghost (journeyman MiBe)
 16908 | Lair:5   | XOM: give mutations
 16908 | Lair:5   | Gained mutation: Your flesh is cold resistant. (rC+) [Xom's
                  | grace]
 16908 | Lair:5   | Gained mutation: Your flesh is very cold resistant. (rC++)
                  | [Xom's grace]
 16949 | Lair:5   | XOM: potion effect (agility)
 16952 | Lair:5   | XOM: confuse monster(s)
 16957 | Lair:5   | XOM: confuse monster(s)
 16980 | Lair:5   | XOM: divine lightning
 17041 | Lair:5   | XOM: god gift: book of the Warp
 17243 | Lair:6   | Entered Level 6 of the Lair of Beasts
 17287 | Lair:5   | XOM: medium Hex miscast
 17409 | Lair:6   | XOM: enchant monster (bad)
 17435 | Lair:6   | XOM: medium Necr miscast
 17438 | Lair:6   | XOM: butterfly on damage
 17444 | Lair:6   | XOM: blink monster(s)
 17445 | Lair:6   | XOM: smoke on damage
 17450 | Lair:6   | XOM: enchant monster (bad)
 17452 | Lair:6   | XOM: enchant monster (bad)
 17453 | Lair:6   | XOM: divination: detect creatures
 17456 | Lair:6   | XOM: confuse monster(s)
 17461 | Lair:6   | XOM: polymorph komodo dragon -> wind drake
 17621 | Lair:6   | XOM: cleaving
 17711 | Lair:6   | Gained mutation: Your large and strong wings let you fly
                  | indefinitely. [Gargoyle growth]
 17711 | Lair:6   | Reached XP level 14. HP: 69/82 MP: 14/17
 17726 | Lair:6   | Reached skill level 13 in Fighting
 17750 | Lair:6   | XOM: destruction
 17786 | Lair:6   | XOM: polymorph spiny frog -> meliai
 17790 | Lair:6   | XOM: summons 4 hostile shadow creatures
 17981 | Lair:6   | XOM: harmless Erth miscast
 17991 | Lair:6   | XOM: harmless Ice miscast
 18035 | Lair:6   | Noticed an entropy weaver
 18035 | Lair:6   | an eight-headed hydra changed into an entropy weaver
 18035 | Lair:6   | XOM: polymorph eight-headed hydra -> entropy weaver
 18044 | Lair:6   | XOM: potion effect (berserk rage)
 18211 | Lair:6   | XOM: give mutations
 18211 | Lair:6   | Gained mutation: You are very dopey. (Int -4) [Xom's
                  | mischief]
 18211 | Lair:6   | Gained mutation: Your body sometimes deteriorates upon
                  | taking damage. [Xom's mischief]
 18256 | Lair:6   | XOM: confusion (+ monsters)
 18310 | Lair:6   | XOM: 1-stop teleportation journey
 18342 | Lair:6   | an entropy weaver changed into a six-headed hydra
 18342 | Lair:6   | XOM: polymorph entropy weaver -> six-headed hydra
 18344 | Lair:6   | XOM: harmless Air miscast
 18346 | Lair:6   | XOM: mild Hex miscast
 18449 | Lair:6   | XOM: scenery: create altars
 18471 | Lair:6   | XOM: give mutations
 18471 | Lair:6   | Gained mutation: Your flesh is heat resistant. (rF+) [Xom's
                  | grace]
 18471 | Lair:6   | Gained mutation: Your spells are a little harder to cast,
                  | but a little more powerful. [Xom's grace]
 18480 | Lair:6   | Found a viscous altar of Jiyva.
 18481 | Lair:6   | Found a staircase to the Slime Pits.
 18531 | Lair:6   | XOM: summons 1 hostile shadow creature
 18547 | Lair:6   | XOM: summons friendly iron imp
 18554 | Lair:6   | XOM: fog
 18555 | Lair:6   | XOM: confuse monster(s)
 18605 | Lair:6   | XOM: god gift: ration
 18943 | D:12     | XOM: enchant monster (good)
 18958 | D:12     | XOM: destruction
 18961 | D:12     | XOM: confusion
 18966 | D:12     | XOM: divination: detect items
 18981 | D:12     | XOM: give mutations
 18981 | D:12     | Gained mutation: Armour fits poorly on your strangely
                  | shaped body. [Xom's mischief]
 18981 | D:12     | Gained mutation: Scrolls take you longer to read. [Xom's
                  | mischief]
 18995 | D:12     | XOM: noise
 19023 | D:12     | XOM: confuse monster(s)
 19041 | D:12     | XOM: harmless Chrm miscast
 19103 | D:12     | Found a staircase to the Orcish Mines.
 19125 | D:12     | XOM: repel stairs
 19128 | D:12     | XOM: mild Necr miscast
 19144 | D:12     | XOM: harmless Erth miscast
 19273 | D:12     | XOM: noise
 19433 | D:12     | XOM: noise
 19790 | D:13     | Found a gate leading to a gauntlet.
 19799 | Gauntlet | Entered a Gauntlet
 19799 | Gauntlet | Found a transporter.
 19812 | Gauntlet | Found a transporter.
 19824 | Gauntlet | Found a transporter.
 19829 | Gauntlet | Found a transporter.
 19844 | Gauntlet | Found a transporter.
 19863 | Gauntlet | Found a transporter.
 19863 | Gauntlet | Noticed a balrug
 19875 | Gauntlet | Found a transporter.
 19894 | Gauntlet | Found a transporter.
 19900 | Gauntlet | Found a transporter.
 19915 | Gauntlet | Found a transporter.
 19934 | Gauntlet | Found a transporter.
 19940 | Gauntlet | Found a transporter.
 19940 | Gauntlet | Found a transporter.
 19979 | Gauntlet | Found a transporter.
 19981 | Gauntlet | Found a runed translucent gate.
 19981 | Gauntlet | Found a runed translucent gate.
 19981 | Gauntlet | Found a runed translucent gate.
 19984 | Gauntlet | Found a large runed translucent door.
 19984 | Gauntlet | Found a large runed translucent door.
 19984 | Gauntlet | Found a large runed translucent door.
 19984 | Gauntlet | Found a large runed translucent door.
 19987 | Gauntlet | Found a large runed translucent door.
 19987 | Gauntlet | Found a large runed translucent door.
 19988 | Gauntlet | Found a large runed translucent door.
 19988 | Gauntlet | Found a large runed translucent door.
 19991 | Gauntlet | Found a large runed translucent door.
 19991 | Gauntlet | Found a large runed translucent door.
 19991 | Gauntlet | Found a runed translucent door.
 19991 | Gauntlet | Found a runed translucent door.
 19992 | Gauntlet | Found a large runed translucent door.
 19993 | Gauntlet | Found a large runed translucent door.
 20002 | Gauntlet | Found a large runed translucent door.
 20002 | Gauntlet | Found a large runed translucent door.
 20003 | Gauntlet | Found a large runed translucent door.
 20004 | Gauntlet | Found a large runed translucent door.
 20004 | Gauntlet | Found a transporter.
 20006 | Gauntlet | Found a transporter.
 20026 | Gauntlet | XOM: medium Ice miscast
 20030 | Gauntlet | Found a transporter.
 20032 | Gauntlet | Found a transporter.
 20370 | Gauntlet | XOM: mild Air miscast
 20464 | Gauntlet | XOM: scenery: create altars
 20497 | Gauntlet | XOM: confuse monster(s)
 20503 | Gauntlet | XOM: harmless Air miscast
 20507 | Gauntlet | XOM: harmless Air miscast
 20512 | Gauntlet | Killed a balrug
 20512 | Gauntlet | Reached skill level 14 in Fighting
 20519 | Gauntlet | XOM: divination: detect creatures
 20533 | Gauntlet | Got a serpentine copper ring
 20655 | Gauntlet | XOM: mild Hex miscast
 20727 | Gauntlet | Found the amulet of the Air {Inacc +Fly rElec EV+5 RMsl}
 20730 | Gauntlet | Identified the ring of Qeas {rC+ Slay+2 Stlth+} (You found
                  | it in a Gauntlet)
 20733 | Gauntlet | Got a twisted scale mail
 20744 | Gauntlet | Identified the +1 scale mail "Koijokac" {+Fly} (You found
                  | it in a Gauntlet)
 20921 | D:13     | XOM: harmless Necr miscast
 21012 | D:13     | XOM: divination: detect items
 21050 | D:13     | XOM: enchant monster (bad)
 21114 | D:13     | XOM: divination: detect creatures
 21132 | D:13     | XOM: medium Erth miscast
 21154 | D:13     | XOM: divination: magic mapping
 21217 | D:13     | XOM: summons 3 hostile demons
 21219 | D:13     | XOM: swap monsters
 21240 | D:13     | XOM: summons friendly crimson imp
 21337 | D:13     | XOM: mild Tloc miscast
 21676 | D:13     | Reached XP level 15. HP: 85/90 MP: 18/20
 21760 | D:14     | XOM: give mutations
 21760 | D:14     | Lost mutation: You are frail. (-10% HP) [Xom's grace]
 21760 | D:14     | Gained mutation: You are partially covered in slimy green
                  | scales. (AC +2) [Xom's grace]
 21810 | D:14     | XOM: cloud trail
 21814 | D:14     | XOM: 1-stop teleportation journey
 21816 | D:14     | XOM: scenery: create altars
 21835 | D:14     | XOM: 5-stop teleportation journey
 21872 | D:14     | XOM: cleaving
 21873 | D:14     | XOM: scenery: create altars
 21887 | D:14     | XOM: scenery: create altars
 21995 | D:14     | XOM: give mutations
 21995 | D:14     | Gained mutation: You are partially covered in iridescent
                  | scales. (AC +2) [Xom's grace]
 21995 | D:14     | Gained mutation: You are partially covered in thin metallic
                  | scales. (AC +2) [Xom's grace]
 21995 | D:14     | Gained mutation: You expend magic power (3 MP) to
                  | strengthen your wands. [Xom's grace]
 22003 | D:14     | Noticed Feotso's ghost (journeyman SpEn)
 22004 | D:14     | Found a transporter.
 22004 | D:14     | Identified the +3 great mace of Valiance {flame, SInv}
 22004 | D:14     | Noticed a fire giant
 22008 | D:14     | Found a transporter.
 22122 | D:14     | Reached skill level 15 in Fighting
 22129 | D:14     | XOM: fog
 22132 | D:14     | XOM: cleaving
 22137 | D:14     | XOM: scenery: 2 fountains blood, 3 doors close
 22152 | D:14     | XOM: enchant monster (good)
 22154 | D:14     | XOM: chaos upgrade
 22155 | D:14     | XOM: swap monsters
 22191 | D:14     | Found a gate to the Vaults.
 22243 | D:14     | XOM: severe Necr miscast
 22257 | D:14     | XOM: enchant monster (bad)
 22318 | D:14     | Got a twitching platinum ring
 22339 | D:14     | Identified the ring "Boqurhew" {+Inv rF+++ rN+ Str+3 Int-3}
                  | (You found it on level 14 of the Dungeon)
 22383 | D:14     | XOM: 1-stop teleportation journey
 22444 | D:14     | XOM: medium Ice miscast
 22641 | D:14     | XOM: summons 7 hostile demons
 22772 | D:15     | Entered Level 15 of the Dungeon
 22786 | D:15     | XOM: polymorph efreet -> apocalypse crab
 22811 | D:15     | XOM: harmless Conj miscast
 22858 | D:15     | XOM: swap monsters
 22878 | D:15     | XOM: scenery: create altars
 23009 | D:15     | XOM: polymorph purple ugly thing -> green ugly thing
 23018 | D:15     | XOM: confuse monster(s)
 23093 | D:15     | XOM: god gift: 4 rations
 23125 | D:15     | Found a staircase to the Depths.
 23143 | D:15     | XOM: harmless Tloc miscast
 23242 | D:15     | XOM: give mutations
 23242 | D:15     | Gained mutation: You passively map a small area around you.
                  | [Xom's grace]
 23242 | D:15     | Gained mutation: You have sharp fingernails. [Xom's grace]
 23250 | D:15     | XOM: scenery: create altars
 23254 | D:15     | Reached skill level 16 in Fighting
 23410 | D:15     | Found a shimmering altar of Xom.
 23415 | D:15     | Found the +7 mace of Variability {chain chaos}
 23617 | D:15     | XOM: give mutations
 23617 | D:15     | Gained mutation: Your spells are harder to cast, but more
                  | powerful. [Xom's grace]
 23617 | D:15     | Gained mutation: You evolve. [Xom's grace]
 23617 | D:15     | Gained mutation: Your spells are much harder to cast, but
                  | much more powerful. [Xom's grace]
 23617 | D:15     | Gained mutation: You are covered in fur. (AC +1) [Xom's
                  | grace]
 23669 | D:15     | XOM: god gift: runed storm dragon scales {god gift}
 23731 | D:15     | XOM: give mutations
 23731 | D:15     | Gained mutation: You have sharp toenails. [Xom's grace]
 23731 | D:15     | Gained mutation: You rapidly evolve. [Xom's grace]
 23731 | D:15     | Gained mutation: You have a pair of horns on your head.
                  | [Xom's grace]
 23759 | D:15     | Got an iridescent falchion
 24110 | Orc:1    | Entered Level 1 of the Orcish Mines
 24290 | Orc:1    | XOM: fog
 24317 | Orc:1    | XOM: destruction
 24318 | Orc:1    | XOM: divination: magic mapping
 24321 | Orc:1    | Reached skill level 15 in Armour
 24328 | Orc:1    | Reached XP level 16. HP: 86/111 MP: 19/21
 24458 | Orc:1    | Noticed Maurice
 24459 | Orc:1    | XOM: 1-stop teleportation journey
 24461 | Orc:1    | XOM: enchant monster (bad)
 24526 | Orc:1    | XOM: harmless Pois miscast
 24705 | Orc:1    | XOM: 1-stop teleportation journey
 24708 | Orc:1    | Maurice changed into Maurice the shapeshifter
 24712 | Orc:1    | XOM: harmless Fire miscast
 24879 | Orc:1    | XOM: divination: detect items
 25010 | Orc:2    | Entered Level 2 of the Orcish Mines
 25027 | Orc:2    | XOM: silly message
 25039 | Orc:2    | XOM: harmless Conj miscast
 25057 | Orc:2    | Found Zihifae's Jewellery Shop.
 25168 | Orc:2    | XOM: god gift: scroll labeled BATOZE DEUMUIK {god gift}
 25282 | Orc:1    | XOM: god gift: lamp of fire
 25653 | Orc:2    | Found Kist's Antique Armour Emporium.
 25658 | Orc:2    | XOM: enchant monster (good)
 25711 | Orc:2    | XOM: scenery: create altars
 25811 | Orc:2    | Found Zacsont's Antique Weapon Boutique.
 25832 | Orc:2    | XOM: destruction
 25948 | Orc:2    | Bought a faintly glowing longbow for 275 gold pieces
 25950 | Orc:2    | Identified the cursed +2 longbow of Wylec {venom, *Contam
                  | Int+4 Dex+3 SInv} (You bought it in a shop on level 2 of
                  | the Orcish Mines)
 25966 | Orc:2    | Found a burning altar of Makhleb.
 25989 | Orc:2    | Found a staircase to the Elven Halls.
 25991 | Orc:2    | XOM: 2-stop teleportation journey
 26033 | Orc:2    | Found Tedgh's General Store.
 26123 | Orc:2    | XOM: summons 1 hostile demon
 26158 | Orc:2    | XOM: harmless Conj miscast
 26448 | Orc:2    | Bought the amulet "Yfitwy Cila" {Spirit +Inv MR+ Str+8} for
                  | 996 gold pieces
 26463 | Orc:2    | XOM: summons 8 hostile demons
 26561 | Orc:2    | Bought a pair of glowing boots for 217 gold pieces
 26613 | Orc:1    | XOM: stat loss: -1 Str (20/21)
 26736 | Lair:3   | XOM: medium Pois miscast
 26784 | Swamp:1  | Entered Level 1 of the Swamp
 26833 | Swamp:1  | XOM: polymorph alligator -> six-headed hydra
 26845 | Swamp:1  | XOM: polymorph shadow imp -> white imp
 27028 | Swamp:1  | XOM: give mutations
 27028 | Swamp:1  | Lost mutation: You expend magic power (3 MP) to strengthen
                  | your wands. [Xom's mischief]
 27028 | Swamp:1  | Lost mutation: Scrolls take you longer to read. [Xom's
                  | mischief]
 27098 | Swamp:1  | Reached skill level 17 in Fighting
 27434 | Swamp:2  | XOM: mild Tmut miscast
 27438 | Swamp:2  | XOM: summons 1 hostile demon
 27439 | Swamp:2  | XOM: scenery: create altars
 27483 | Swamp:2  | XOM: confuse monster(s)
 27519 | Swamp:2  | XOM: 2-stop teleportation journey
 27570 | Swamp:2  | XOM: summons 2 hostile demons
 27611 | Swamp:2  | Lost mutation: You rapidly evolve. [decline of evolution]
 27618 | Swamp:2  | Identified the +1 chain mail of Reeradd {MR+} (You found it
                  | on level 2 of the Swamp)
 27622 | Swamp:2  | XOM: silly message
 27821 | Swamp:2  | XOM: stat loss: -1 Dex (8/9)
 28233 | Swamp:3  | XOM: god gift: sparkling marble ring {god gift}
 28237 | Swamp:3  | Got a sparkling marble ring {god gift}
 28240 | Swamp:3  | Identified the ring of Complete Protection {rPois rC- AC+2
                  | Dex+4} (Xom gifted it to you on level 3 of the Swamp)
 28295 | Swamp:3  | Noticed a tentacled monstrosity
 28303 | Swamp:3  | Killed a tentacled monstrosity
 28311 | Swamp:3  | XOM: enchant monster (good)
 28402 | Swamp:3  | XOM: enchant monster (good)
 28464 | Swamp:3  | XOM: give mutations
 28464 | Swamp:3  | Gained mutation: You have an increased reservoir of magic.
                  | (+10% MP) [Xom's grace]
 28464 | Swamp:3  | Gained mutation: You have very sharp teeth. [Xom's grace]
 28464 | Swamp:3  | Gained mutation: Your muscles are strong. (Str +2) [Xom's
                  | grace]
 28464 | Swamp:3  | Gained mutation: You rapidly evolve. [Xom's grace]
 28579 | Swamp:3  | Noticed a thorn hunter
 28588 | Swamp:3  | Killed a thorn hunter
 28756 | Swamp:3  | Noticed Roxanne
 28766 | Swamp:3  | XOM: enchant monster (good)
 28877 | Swamp:3  | XOM: divination: detect items
 28881 | Swamp:3  | XOM: destruction
 28901 | Swamp:3  | XOM: harmless Fire miscast
 29154 | Swamp:4  | Entered Level 4 of the Swamp
 29177 | Swamp:4  | Got an ichor-stained glaive
 29238 | Swamp:4  | XOM: potion effect (might)
 29250 | Swamp:4  | XOM: summons 6 friendly demons
 29346 | Swamp:4  | Reached XP level 17. HP: 118/119 MP: 24/24
 29367 | Swamp:4  | XOM: noise
 29408 | Swamp:4  | XOM: summons 5 friendly demons
 29651 | Swamp:3  | XOM: confuse monster(s)
 29847 | Swamp:3  | XOM: enchant monster (good)
 29885 | Swamp:4  | Reached skill level 18 in Fighting
 29886 | Swamp:4  | XOM: swap monsters
 29901 | Swamp:4  | XOM: confuse monster(s)
 29906 | Swamp:4  | XOM: harmless Pois miscast
 29926 | Swamp:4  | XOM: harmless Hex miscast
 29978 | Swamp:4  | XOM: harmless Erth miscast
 30044 | Swamp:4  | XOM: fog
 30085 | Swamp:4  | Got a decaying rune of Zot
 30465 | Swamp:1  | Cast into level 3 of the Abyss (Xom)
 30474 | Abyss:3  | Noticed a tentacled starspawn
 30482 | Abyss:3  | Killed a tentacled starspawn
 30537 | Abyss:3  | XOM: noise
 30549 | Abyss:3  | XOM: summons friendly crimson imp
 30559 | Abyss:3  | XOM: fog
 30565 | Abyss:3  | Got an abyssal rune of Zot
 30633 | Abyss:3  | Paralysed by accursed screaming for 1 turns
 30641 | Abyss:3  | Noticed a tentacled starspawn
 30721 | Abyss:3  | XOM: scenery: create altars
 30891 | Abyss:3  | XOM: cast spell 'Discord'
 30893 | Abyss:3  | XOM: divination: detect creatures
 30977 | Abyss:3  | XOM: cloud trail
 31037 | Abyss:3  | XOM: stat loss: -1 Int (10/11)
 31047 | Abyss:3  | XOM: scenery: create altars
 31076 | Swamp:1  | Escaped the Abyss
 31150 | Snake:1  | Entered Level 1 of the Snake Pit
 31205 | Snake:1  | XOM: confusion (+ monsters)
 31208 | Snake:1  | XOM: silly message
 31293 | Snake:1  | XOM: harmless Tloc miscast
 31297 | Snake:1  | XOM: swap monsters
 31347 | Snake:1  | XOM: summons 2 friendly demons
 31371 | Snake:1  | You are sucked into a shaft!
 31371 | Snake:2  | XOM: swap monsters
 31518 | Snake:2  | XOM: snakes to sticks
 31527 | Snake:2  | XOM: polymorph naga warrior -> ice dragon
 31537 | Snake:2  | XOM: harmless Tloc miscast
 31544 | Snake:2  | XOM: confuse monster(s)
 31621 | Snake:2  | XOM: medium Conj miscast
 31707 | Snake:2  | Reached XP level 18. HP: 106/126 MP: 10/25
 31767 | Snake:2  | XOM: summons 4 hostile shadow creatures
 31799 | Snake:2  | Got a twisted falchion
 31820 | Snake:2  | XOM: mild Chrm miscast
 31946 | Snake:2  | XOM: 2-stop teleportation journey
 32246 | Snake:2  | Found Puriow's Jewellery Shop.
 32246 | Snake:2  | Found Camnue's Gadget Emporium.
 32247 | Snake:2  | Found Uhot's Gadget Emporium.
 32248 | Snake:2  | XOM: potion effect (berserk rage)
 32267 | Snake:2  | Bought an uncursed ring of protection from magic for 400
                  | gold pieces
 32442 | Snake:3  | XOM: severe Tloc miscast
 32442 | Snake:3  | Cast into level 3 of the Abyss (the severe capriciousness
                  | of Xom)
 32442 | Snake:3  | Escaped the Abyss
 32442 | Snake:3  | XOM: revert banishment
 32483 | Snake:3  | XOM: summons friendly shadow imp
 32509 | Snake:3  | Found Huneatol's General Store.
 32516 | Snake:3  | Found Vosiomm's Food Boutique.
 32716 | Snake:3  | XOM: summons 1 hostile demon
 32727 | Snake:3  | XOM: repel stairs
 32982 | Snake:3  | XOM: confusion
 33162 | Snake:3  | XOM: summons 9 hostile demons
 33537 | Snake:4  | Entered Level 4 of the Snake Pit
 33636 | Snake:4  | XOM: swap monsters
 33644 | Snake:4  | XOM: polymorph naga ritualist -> merfolk
 33772 | Snake:4  | XOM: mild Tloc miscast
 33776 | Snake:4  | Reached skill level 19 in Fighting
 33883 | Snake:4  | XOM: blink monster(s)
 33891 | Snake:4  | XOM: summons friendly shadow imp
 34207 | Snake:4  | Noticed Vashnia
 34248 | Snake:4  | Killed Vashnia
 34287 | Snake:4  | XOM: summons friendly ufetubus
 34341 | Snake:4  | XOM: harmless Summ miscast
 34343 | Snake:4  | XOM: noise
 34349 | Snake:4  | XOM: noise
 34370 | Snake:4  | XOM: medium Chrm miscast
 34385 | Snake:4  | XOM: confusion
 34401 | Snake:4  | Reached skill level 5 in Dodging
 34401 | Snake:4  | XOM: cleaving
 34505 | Snake:4  | XOM: polymorph naga -> scorpion
 34518 | Snake:4  | XOM: enchant monster (good)
 34575 | Snake:4  | Got a serpentine rune of Zot
 34632 | Snake:4  | XOM: polymorph naga mage -> shapeshifter
 34635 | Snake:4  | XOM: enchant monster (good)
 34639 | Snake:4  | XOM: confusion
 34645 | Snake:4  | Reached XP level 19. HP: 66/133 MP: 13/26
 34661 | Snake:4  | XOM: cast spell 'Necromutation'
 34665 | Snake:4  | XOM: enchant monster (bad)
 34676 | Snake:4  | XOM: enchant monster (bad)
 34686 | Snake:4  | Found an opulent altar of Gozag.
 34728 | Snake:4  | XOM: summons 2 hostile demons
 35306 | Elf:1    | Entered Level 1 of the Elven Halls
 35346 | Elf:1    | Got a blackened dagger
 35382 | Elf:1    | Found a portal to a secret trove of treasure.
 35578 | Elf:1    | Found Rycu's Gadget Shoppe.
 35827 | Elf:1    | XOM: mild Chrm miscast
 36007 | Elf:1    | XOM: polymorph deep elf mage -> glowing shapeshifter
 36024 | Elf:1    | Identified the +3 long sword of Kulovip {vamp, Fragile rF+
                  | Dex+4}
 36404 | Elf:1    | XOM: summons 4 hostile shadow creatures
 36521 | Elf:1    | XOM: noise
 36529 | Elf:1    | Noticed a Brimstone Fiend
 36535 | Elf:1    | XOM: enchant monster (bad)
 36543 | Elf:1    | XOM: polymorph deep elf archer -> anaconda
 37060 | Elf:2    | Found Fyulet's Assorted Antiques.
 37085 | Elf:2    | Bought a scroll of teleportation for 84 gold pieces
 37121 | Elf:2    | Found a huge runed translucent gate.
 37121 | Elf:2    | Found a huge runed translucent gate.
 37121 | Elf:2    | Found a huge runed translucent gate.
 37121 | Elf:2    | Found a huge runed translucent gate.
 37121 | Elf:2    | Found a huge runed translucent gate.
 37223 | Elf:2    | XOM: summons 5 hostile demons
 37230 | Elf:2    | XOM: 2-stop teleportation journey
 37320 | Elf:2    | XOM: scenery: 1 fountains blood, 1 doors close
 37624 | Elf:2    | XOM: 1-stop teleportation journey
 37633 | Elf:2    | XOM: swap monsters
 37645 | Elf:2    | XOM: 2-stop teleportation journey
 37648 | Elf:2    | XOM: chaos upgrade
 37722 | Elf:2    | XOM: harmless Fire miscast
 37745 | Elf:2    | XOM: summons 3 hostile shadow creatures
 37771 | Elf:2    | XOM: polymorph deep elf archer -> anaconda
 37779 | Elf:2    | XOM: enchant monster (good)
 37786 | Elf:2    | XOM: god gift: 55 gold pieces
 38594 | Elf:2    | XOM: summons friendly quasit
 38602 | Elf:2    | XOM: fog
 38719 | Elf:3    | Entered Level 3 of the Elven Halls
 38727 | Elf:3    | XOM: fake destruction
 38760 | Elf:3    | Found a magical portal.
 38783 | WizLab   | Entered Cigotuvi's Fleshworks
 38808 | WizLab   | XOM: fog
 38821 | WizLab   | Reached XP level 20. HP: 140/140 MP: 24/27
 38916 | WizLab   | XOM: scenery: 2 doors open
 38998 | WizLab   | Reached skill level 20 in Fighting
 39123 | WizLab   | XOM: give mutations
 39123 | WizLab   | Lost mutation: You are very dopey. (Int -4) [Xom's grace]
 39123 | WizLab   | Gained mutation: You have a pair of large horns on your
                  | head. [Xom's grace]
 39123 | WizLab   | Gained mutation: You have razor-sharp toenails. [Xom's
                  | grace]
 39172 | WizLab   | XOM: scenery: create altars
 39218 | WizLab   | Paralysed by a floating eye for 2 turns
 39222 | WizLab   | Paralysed by a floating eye for 4 turns
 39245 | WizLab   | XOM: scenery: 1 doors open
 39283 | WizLab   | Found the -2 hat of the Alchemist {rElec rPois rF+ rC+ rN+
                  | MR+ rMut rCorr}
 39357 | WizLab   | Identified the Papyrus of Transmutation
 39363 | WizLab   | Identified Sif Muna's Handbook of Transmigration
 39368 | WizLab   | Identified Cigotuvi's Grimoire of the Tired Spirits
 39577 | Elf:3    | Found Jaweunio's Antique Weapon Boutique.
 39676 | Elf:2    | XOM: divination: detect items
 39920 | Vaults:1 | Entered Level 1 of the Vaults
 40055 | Vaults:1 | XOM: potion effect (might)
 40206 | Vaults:1 | XOM: 1-stop teleportation journey
 40209 | Vaults:1 | Found Hivvixoc's Gadget Emporium.
 40217 | Vaults:1 | XOM: blink monster(s)
 40221 | Vaults:1 | XOM: chaos cloud
 40223 | Vaults:1 | XOM: polymorph ogre mage -> shapeshifter
 40230 | Vaults:1 | XOM: give mutation
 40230 | Vaults:1 | Lost mutation: You have razor-sharp toenails. [Xom's
                  | mischief]
 40259 | Vaults:1 | Found a ruined gateway.
 40299 | Desolati | Entered the Desolation of Salt
 40355 | Desolati | Got a pitted dagger
 40394 | Desolati | XOM: confusion
 40460 | Desolati | XOM: summons friendly iron imp
 40461 | Desolati | XOM: potion effect (might)
 40469 | Desolati | XOM: confusion (+ monsters)
 40470 | Desolati | XOM: give mutations
 40470 | Desolati | Lost mutation: Scrolls take you a little longer to read.
                  | [Xom's mischief]
 40470 | Desolati | Lost mutation: You have a pair of large horns on your head.
                  | [Xom's mischief]
 40470 | Desolati | Lost mutation: Your body sometimes deteriorates upon taking
                  | damage. [Xom's mischief]
 40470 | Desolati | Lost mutation: Your flesh is heat resistant. (rF+) [Xom's
                  | mischief]
 40501 | Desolati | XOM: harmless Hex miscast
 40604 | Desolati | Identified the +3 leather armour of Sin {rElec Int-4 SInv
                  | Stlth+}
 40605 | Desolati | XOM: confusion (+ monsters)
 40630 | Desolati | XOM: silly message
 40637 | Desolati | XOM: confuse monster(s)
 40662 | Desolati | Got a smoking cloak
 40663 | Desolati | Identified the +0 cloak of Elitism {rF++ rC+ MR- Str+3}
                  | (You found it in the Desolation of Salt)
 40671 | Desolati | Got a bloodstained ring mail
 40672 | Desolati | XOM: mild Hex miscast
 40683 | Desolati | Identified the cursed +1 ring mail of the Lobster {rPois}
                  | (You found it in the Desolation of Salt)
 40700 | Desolati | Got a faintly humming robe
 40854 | Desolati | XOM: potion effect (heal wounds)
 40859 | Desolati | XOM: noise
 40871 | Desolati | XOM: confusion (+ monsters)
 40876 | Desolati | XOM: cast spell 'Call Canine Familiar'
 40889 | Desolati | XOM: harmless Fire miscast
 41197 | Desolati | XOM: mild Pois miscast
 41323 | Desolati | Reached XP level 21. HP: 109/148 MP: 21/28
 41441 | Desolati | Got a transparent ring mail
 41442 | Desolati | Identified the cursed +1 ring mail "Muept" {rCorr Str+4}
                  | (You found it in the Desolation of Salt)
 41451 | Desolati | Got a warped quarterstaff
 41459 | Desolati | Got an ichor-stained dagger
 41528 | Desolati | Got an encrusted dagger
 41588 | Desolati | XOM: confusion (+ monsters)
 41600 | Desolati | XOM: polymorph ragged hierophant -> two-headed ogre
 41635 | Desolati | Lost mutation: Your spells are much harder to cast, but
                  | much more powerful. [evolution]
 41642 | Desolati | XOM: mild Necr miscast
 41722 | Desolati | Got a brightly glowing dagger
 41725 | Desolati | Got a translucent whip
 41730 | Desolati | Got a brightly glowing whip
 42011 | Vaults:1 | XOM: harmless Ice miscast
 42030 | Vaults:1 | XOM: silly message
 42216 | Vaults:1 | Reached skill level 21 in Fighting
 42218 | Vaults:1 | XOM: confuse monster(s)
 42222 | Vaults:1 | XOM: swap monsters
 42306 | Vaults:1 | XOM: polymorph orc knight -> yaktaur
 42371 | Vaults:1 | Found Yxodur's Book Shop.
 42378 | Vaults:1 | Found Cudi Joarch's Gadget Shop.
 42430 | Vaults:1 | XOM: 1-stop teleportation journey
 42793 | Vaults:1 | XOM: divination: detect creatures
 42855 | Vaults:1 | XOM: medium Necr miscast
 42859 | Vaults:1 | XOM: god gift: 26 stones
 43611 | Vaults:2 | Identified the amulet of Cuoqusau {Reflect *Slow Str+10
                  | Dex-2 SH+5 Stlth+}
 43618 | Vaults:2 | Reached skill level 10 in Dodging
 43618 | Vaults:2 | XOM: enchant monster (good)
 43626 | Vaults:2 | XOM: 8-stop teleportation journey
 43636 | Vaults:2 | XOM: divination: detect items
 43643 | Vaults:2 | XOM: summons friendly white imp
 43647 | Vaults:2 | XOM: potion effect (invisibility)
 43755 | Vaults:2 | Got an ancient arbalest
 43796 | Vaults:2 | XOM: god gift: 6 rations
 43909 | Vaults:2 | XOM: potion effect (agility)
 43910 | Vaults:2 | XOM: summons friendly ufetubus
 43930 | Vaults:2 | XOM: give mutations
 43930 | Vaults:2 | Lost mutation: You rapidly evolve. [Xom's mischief]
 43930 | Vaults:2 | Lost mutation: You have an increased reservoir of magic.
                  | (+10% MP) [Xom's mischief]
 43930 | Vaults:2 | Lost mutation: You are partially covered in slimy green
                  | scales. (AC +2) [Xom's mischief]
 43930 | Vaults:2 | Lost mutation: You passively map a small area around you.
                  | [Xom's mischief]
 43950 | Vaults:2 | XOM: polymorph orc priest -> gnoll
 43977 | Vaults:2 | XOM: give mutations
 43977 | Vaults:2 | Gained mutation: You are partially covered in rugged brown
                  | scales. (AC +1, +3% HP) [Xom's grace]
 43977 | Vaults:2 | Gained mutation: You can translocate small distances at
                  | will. [Xom's grace]
 44201 | Vaults:2 | XOM: god gift: naga barding {god gift}
 44475 | Vaults:3 | XOM: polymorph ironheart preserver -> alligator
 44559 | Vaults:3 | XOM: scenery: 1 doors open, 1 doors close
 44826 | Vaults:3 | Found Mamouzan's General Store.
 44837 | Vaults:3 | Noticed Margery
 44839 | Vaults:3 | XOM: give mutations
 44839 | Vaults:3 | Lost mutation: Your muscles are strong. (Str +2) [Xom's
                  | mischief]
 44839 | Vaults:3 | Lost mutation: Your flesh is very cold resistant. (rC++)
                  | [Xom's mischief]
 44839 | Vaults:3 | Lost mutation: You have sharp toenails. [Xom's mischief]
 44860 | Vaults:3 | XOM: 2-stop teleportation journey
 45118 | Vaults:3 | Identified the ring of the Last Scars {rCorr *Slow rF+
                  | Str+4}
 45122 | Vaults:3 | XOM: harmless Air miscast
 45146 | Vaults:3 | XOM: confusion (+ monsters)
 45160 | Vaults:3 | XOM: repel stairs
 45262 | Vaults:3 | Found a staircase to the Crypt.
 45283 | Vaults:3 | XOM: swap monsters
 45366 | Vaults:3 | XOM: god gift: 59 gold pieces
 45381 | Vaults:3 | XOM: repel stairs
 45791 | Vaults:3 | XOM: polymorph cyan very ugly thing -> red very ugly thing
 45805 | Vaults:3 | Reached XP level 22. HP: 149/159 MP: 26/28
 45890 | Vaults:3 | XOM: harmless Chrm miscast
 45950 | Vaults:3 | Killed Margery
 45957 | Vaults:3 | XOM: enchant monster (bad)
 45959 | Vaults:3 | XOM: harmless Pois miscast
 46023 | Vaults:3 | XOM: blink monster(s)
 46030 | Vaults:3 | XOM: enchant monster (good)
 46285 | Vaults:3 | Found Kiutsun's Distillery.
 46291 | Vaults:3 | Found Zugiawam's Jewellery Shoppe.
 46293 | Vaults:3 | Bought a potion of curing for 66 gold pieces
 46293 | Vaults:3 | Bought a potion of curing for 66 gold pieces
 46466 | Vaults:3 | XOM: cloud trail
 46514 | Vaults:3 | Lost mutation: You are dopey. (Int -2) [evolution]
 46581 | Vaults:3 | Found Xejaus's Magic Scroll Shop.
 46589 | Vaults:3 | Bought a scroll of blinking for 142 gold pieces
 46717 | Vaults:3 | XOM: divination: detect creatures
 46812 | Vaults:4 | Found Feash's Weapon Boutique.
 46894 | Vaults:4 | Found a flickering gateway to a bazaar.
 46903 | Bazaar   | Entered a bazaar
 46904 | Bazaar   | Found Odovoar's General Store.
 46912 | Bazaar   | Found Ublaosocs's Antique Armour Emporium.
 46915 | Bazaar   | Found Mieff's Assorted Antiques.
 46949 | Bazaar   | Found Dicoffor's Armour Boutique.
 46953 | Bazaar   | Found Jixuwn Ywias's General Store.
 47003 | Bazaar   | Bought a potion of agility for 96 gold pieces
 47032 | Bazaar   | Bought a pair of runed boots for 217 gold pieces
 47039 | Bazaar   | XOM: mild Hex miscast
 47103 | Vaults:4 | Found Veud's Antique Weapon Emporium.
 47121 | Vaults:4 | Found Cuxuc's Antique Weapon Shop.
 47284 | Vaults:4 | XOM: mild Summ miscast
 47293 | Vaults:4 | XOM: harmless Necr miscast
 47327 | Vaults:4 | XOM: cloud trail
 47427 | Vaults:4 | XOM: mild Fire miscast
 47632 | Vaults:4 | XOM: confuse monster(s)
 47821 | Vaults:4 | XOM: summons 2 friendly demons
 47844 | Vaults:4 | Reached skill level 22 in Fighting
 48183 | Vaults:4 | XOM: god gift: 1320 gold pieces
 48319 | Vaults:4 | XOM: cloud trail
 48525 | Vaults:4 | XOM: fog
 48635 | Vaults:3 | XOM: scenery: 1 doors close
 48686 | D:14     | XOM: give mutations
 48686 | D:14     | Gained mutation: Your spells are much harder to cast, but
                  | much more powerful. [Xom's grace]
 48686 | D:14     | Gained mutation: You are resistant to hostile enchantments.
                  | (MR+) [Xom's grace]
 48767 | Depths:1 | Entered Level 1 of the Depths
 48767 | Depths:1 | Found a gateway to Hell.
 48803 | Depths:1 | XOM: scenery: create altars
 48850 | Depths:1 | XOM: cast spell 'Alistair's Intoxication'
 49009 | Depths:1 | XOM: scenery: create altars
 49046 | Depths:1 | Reached skill level 10 in Evocations
 49049 | Depths:1 | XOM: god gift: glowing great mace {god gift}
 49072 | Depths:1 | Noticed Bai Suzhen
 49076 | Depths:1 | Noticed Bai Suzhen
 49076 | Depths:1 | Bai Suzhen changed into Bai Suzhen the titan
 49076 | Depths:1 | XOM: polymorph Bai Suzhen -> Bai Suzhen the titan
 49086 | Depths:1 | Killed Bai Suzhen the titan
 49103 | Depths:1 | XOM: scenery: 1 doors close
 49129 | Depths:1 | XOM: fake destruction
 49131 | Depths:1 | XOM: enchant monster (good)
 49153 | Depths:1 | XOM: confuse monster(s)
 49157 | Depths:1 | XOM: give mutations
 49157 | Depths:1 | Lost mutation: You have a pair of horns on your head.
                  | [Xom's mischief]
 49157 | Depths:1 | Lost mutation: You evolve. [Xom's mischief]
 49157 | Depths:1 | Lost mutation: You are partially covered in rugged brown
                  | scales. (AC +1, +3% HP) [Xom's mischief]
 49225 | Depths:1 | XOM: stat loss: -1 Dex (9/10)
 49364 | Depths:1 | XOM: enchant monster (bad)
 49449 | Depths:1 | XOM: 4-stop teleportation journey
 49486 | Depths:1 | Reached XP level 23. HP: 163/163 MP: 30/30
 49500 | Depths:1 | Paralysed by a floating eye for 2 turns
 49501 | Depths:1 | XOM: divination: magic mapping
 49513 | Depths:1 | Paralysed by a floating eye for 2 turns
 49517 | Depths:1 | XOM: medium Conj miscast
 49525 | Depths:1 | XOM: polymorph stone giant -> fire giant
 49630 | Depths:1 | Noticed a golden dragon
 49638 | Depths:1 | Killed a golden dragon
 49852 | Depths:1 | XOM: summons 1 hostile shadow creature
 50140 | Depths:2 | Noticed a caustic shrike
 50153 | Depths:2 | Killed a caustic shrike
 50208 | Depths:1 | XOM: harmless Pois miscast
 50300 | Depths:1 | XOM: medium Tloc miscast
 50640 | Depths:2 | Found a one-way gate to the infinite horrors of the Abyss.
 50657 | Depths:2 | Noticed Mara
 50840 | Depths:2 | Killed Mara
 50852 | Depths:2 | XOM: noise
 50925 | Depths:2 | XOM: swap monsters
 50929 | Depths:2 | XOM: 1-stop teleportation journey
 51010 | Depths:2 | Got a steaming silver ring
 51011 | Depths:2 | Identified the ring of Gyidoits {MR+ Stlth+} (You found it
                  | on level 2 of the Depths)
 51274 | Depths:2 | Found a one-way gate leading to the halls of Pandemonium.
 51296 | Depths:2 | Got a translucent mace
 51301 | Depths:2 | XOM: 3-stop teleportation journey
 51316 | Depths:2 | XOM: summons friendly quasit
 51332 | Depths:2 | XOM: summons friendly iron imp
 51392 | Depths:2 | XOM: mild Hex miscast
 51599 | Depths:2 | Identified the +4 mace of Symmetry {crush, rPois Dex+7}
                  | (You found it on level 2 of the Depths)
 51674 | Depths:2 | XOM: potion effect (invisibility)
 51681 | Depths:2 | Identified the ring of Ykoptaph {rF+ rN+}
 51681 | Depths:2 | Noticed Saint Roka
 51707 | Depths:2 | Killed Saint Roka
 51707 | Depths:2 | Reached skill level 23 in Fighting
 51714 | Depths:2 | XOM: noise
 51777 | Depths:2 | Noticed a golden dragon
 51782 | Depths:2 | Killed a golden dragon
 51830 | Depths:2 | XOM: summons 3 friendly demons
 51836 | Depths:2 | XOM: blink monster(s)
 51839 | Depths:2 | XOM: enchant monster (good)
 51859 | Depths:2 | XOM: summons friendly crimson imp
 51880 | Depths:2 | XOM: stat loss: -1 Str (32/33)
 51881 | Depths:2 | Got a scintillating glass ring
 51882 | Depths:2 | Identified the ring of Mistrust {+Fly rF+ rC+ Dex-4} (You
                  | found it on level 2 of the Depths)
 52040 | Depths:2 | XOM: polymorph frost giant -> glowing shapeshifter
 52092 | Depths:2 | Found a hazy altar of Hepliaklqana.
 52188 | Depths:2 | XOM: summons 2 hostile shadow creatures
 52398 | Depths:2 | XOM: give mutations
 52398 | Depths:2 | Gained mutation: You are surrounded by a mild repulsion
                  | field. (EV +2) [Xom's grace]
 52398 | Depths:2 | Gained mutation: You evolve. [Xom's grace]
 52398 | Depths:2 | Gained mutation: You are agile. (Dex +2) [Xom's grace]
 52403 | Depths:3 | XOM: summons 3 friendly demons
 52419 | Depths:3 | Paralysed by a floating eye for 3 turns
 52420 | Depths:3 | XOM: scenery: create altars
 52613 | Depths:3 | XOM: fake destruction
 52662 | Depths:2 | XOM: give mutations
 52662 | Depths:2 | Gained mutation: You have sharp toenails. [Xom's grace]
 52662 | Depths:2 | Gained mutation: You possess an exceptional clarity of
                  | mind. [Xom's grace]
 52662 | Depths:2 | Lost mutation: You have very sharp teeth. [Xom's grace]
 52662 | Depths:2 | Gained mutation: You have a beak for a mouth. [Xom's grace]
 52729 | Depths:2 | XOM: scenery: 1 doors close
 52839 | Depths:3 | XOM: enchant monster (good)
 52935 | Depths:2 | XOM: scenery: 1 doors open
 53097 | Depths:3 | Found a gateway to a ziggurat.
 53164 | Depths:3 | XOM: scenery: 1 doors close
 53180 | Depths:3 | Reached XP level 24. HP: 162/171 MP: 30/32
 53191 | Depths:3 | XOM: fog
 53248 | Depths:3 | XOM: cleaving
 53250 | Depths:3 | XOM: god gift: thick runed staff {god gift}
 53270 | Depths:3 | Found the +2 Maxwell's thermic engine {flame, freeze}
 53279 | Depths:3 | XOM: fog
 53285 | Depths:3 | Noticed a caustic shrike
 53285 | Depths:3 | an iron dragon changed into a caustic shrike
 53285 | Depths:3 | XOM: polymorph iron dragon -> caustic shrike
 53293 | Depths:3 | Killed a caustic shrike
 53353 | Depths:3 | XOM: divination: detect items
 53357 | Depths:3 | XOM: cleaving
 53370 | Depths:3 | XOM: give mutations
 53370 | Depths:3 | Gained mutation: Your flesh is heat resistant. (rF+) [Xom's
                  | grace]
 53370 | Depths:3 | Gained mutation: You have an increased reservoir of magic.
                  | (+10% MP) [Xom's grace]
 53409 | Depths:3 | XOM: polymorph deep troll shaman -> shapeshifter
 53423 | Depths:3 | Got a fabulously ornate robe
 53447 | Depths:3 | XOM: destruction
 53634 | Depths:3 | Noticed a caustic shrike
 53636 | Depths:3 | XOM: summons friendly quasit
 53645 | Depths:3 | Killed a caustic shrike
 53681 | Depths:3 | XOM: divination: detect creatures
 53778 | Depths:3 | XOM: scenery: 4 doors close
 54066 | Depths:3 | Noticed Louise
 54078 | Depths:3 | XOM: summons 3 friendly demons
 54090 | Depths:3 | XOM: summons 2 friendly demons
 54108 | Depths:3 | Killed Louise
 54254 | Depths:3 | XOM: give mutations
 54254 | Depths:3 | Gained mutation: You are highly resistant to hostile
                  | enchantments. (MR++) [Xom's grace]
 54254 | Depths:3 | Gained mutation: Your muscles are strong. (Str +2) [Xom's
                  | grace]
 54345 | Depths:4 | XOM: draining
 54348 | Depths:4 | XOM: polymorph cyan ugly thing -> red ugly thing
 54352 | Depths:4 | XOM: blink monster(s)
 54370 | Depths:4 | XOM: cast spell 'Summon Horrible Things'
 54392 | Depths:4 | XOM: polymorph centaur warrior -> sea snake
 54454 | Depths:4 | Identified the +3 faerie dragon scales {rCorr SInv}
 54454 | Depths:4 | Noticed the Enchantress
 54457 | Depths:4 | XOM: scenery: create altars
 54498 | Depths:4 | Killed the Enchantress
 54549 | Depths:4 | XOM: cloud trail
 54724 | Depths:3 | XOM: give mutations
 54724 | Depths:3 | Lost mutation: You evolve. [Xom's mischief]
 54724 | Depths:3 | Lost mutation: You have a pair of small horns on your head.
                  | [Xom's mischief]
 54724 | Depths:3 | Lost mutation: You are agile. (Dex +2) [Xom's mischief]
 54809 | Depths:4 | XOM: divination: magic mapping
 54830 | Depths:4 | XOM: blink monster(s)
 54872 | Depths:4 | Reached skill level 24 in Fighting
 55030 | Depths:4 | XOM: cloud trail
 55348 | Depths:4 | XOM: blink monster(s)
 55444 | Depths:4 | XOM: confuse monster(s)
 55451 | Depths:4 | XOM: summons friendly crimson imp
 55502 | Depths:4 | Found a runed door.
 55713 | Depths:4 | XOM: enchant monster (good)
 55723 | Depths:4 | XOM: confuse monster(s)
 55734 | Depths:4 | XOM: polymorph soul eater -> sun demon
 55735 | Depths:4 | Reached XP level 25. HP: 177/179 MP: 36/36
 55767 | Depths:4 | XOM: scenery: 3 doors close
 55792 | Depths:4 | XOM: confuse monster(s)
 56084 | Depths:4 | XOM: scenery: create altars
 56100 | Depths:4 | XOM: fog
 56106 | Depths:4 | XOM: divination: magic mapping
 56108 | Depths:4 | XOM: polymorph ice dragon -> tyrant leech
 56445 | Depths:4 | XOM: enchant monster (good)
 56465 | Depths:4 | XOM: confuse monster(s)
 56476 | Depths:4 | XOM: enchant monster (good)
 56530 | Depths:4 | XOM: cast spell 'Disjunction'
 56541 | Depths:4 | XOM: god gift: potion of haste
 56548 | Depths:4 | Noticed an ancient lich
 56550 | Depths:4 | XOM: butterfly on damage
 56556 | Depths:4 | Killed an ancient lich
 56591 | Depths:4 | XOM: scenery: 1 doors close
 56710 | Depths:4 | XOM: god gift: dented cameo amulet {god gift}
 56744 | Depths:4 | Identified a scroll of acquirement
 56776 | Depths:4 | Identified the Tome of Mutagenic Translocation
 56781 | Depths:4 | Identified the Reference Book on Earthen Weightlessness
 56797 | Depths:4 | Got a distressingly furry plate armour
 56798 | Depths:4 | Identified the +8 plate armour of Potocvef {rN+ Regen+
                  | Str-5 Slay+2} (You found it on level 4 of the Depths)
 56831 | Depths:4 | Got a fine hat
 56832 | Depths:4 | Identified the +2 hat of Distant Shores {rPois rN+ Int+2}
                  | (You found it on level 4 of the Depths)
 56905 | Depths:5 | Entered Level 5 of the Depths
 56978 | Depths:5 | XOM: scenery: create altars
 57012 | Depths:5 | XOM: cast spell 'Summon Horrible Things'
 57174 | Depths:5 | Noticed Boris
 57186 | Depths:5 | XOM: summons 2 friendly demons
 57202 | Depths:5 | Killed Boris
 57371 | Depths:5 | XOM: enchant monster (good)
 57411 | Depths:5 | Found a corrupted altar of Lugonu.
 57422 | Depths:5 | XOM: summons friendly ufetubus
 57611 | Depths:5 | XOM: enchant monster (good)
 57678 | Depths:5 | Found a gate to the Realm of Zot.
 57682 | Depths:5 | XOM: scenery: create altars
 57698 | Depths:5 | XOM: potion effect (curing)
 57883 | Depths:5 | XOM: noise
 57891 | Depths:5 | Reached XP level 26. HP: 174/187 MP: 34/37
 57903 | Depths:5 | XOM: cast spell 'Olgreb's Toxic Radiance'
 57929 | Depths:5 | Reached skill level 15 in Evocations
 58406 | Depths:5 | XOM: fake destruction
 58411 | Depths:5 | XOM: fake destruction
 58460 | Zot:1    | Entered Level 1 of the Realm of Zot
 58580 | Zot:1    | XOM: cast spell 'Summon Hydra'
 58651 | Zot:1    | Reached skill level 25 in Fighting
 58758 | Zot:1    | XOM: summons 1 hostile demon
 58915 | Zot:1    | XOM: give mutation
 58915 | Zot:1    | Gained mutation: Your natural rate of healing is unusually
                  | fast. [Xom's grace]
 59054 | Zot:1    | XOM: divination: detect creatures
 59296 | Zot:1    | XOM: scenery: 1 doors open, 3 doors close
 59309 | Zot:1    | XOM: summons friendly white imp
 59338 | Zot:1    | Identified the +4 chain mail of Past Mistakes {rElec rF-
                  | rN++ Str+4} (You found it on level 1 of the Realm of Zot)
 59365 | Zot:1    | XOM: summons friendly crimson imp
 59388 | Zot:1    | XOM: summons friendly crimson imp
 59459 | Zot:1    | XOM: divination: magic mapping
 59511 | Zot:1    | XOM: summons friendly quasit
 59571 | Zot:2    | XOM: polymorph golden dragon -> shadow dragon
 59681 | Zot:1    | XOM: scenery: 3 doors close
 59838 | Zot:2    | XOM: 2-stop teleportation journey
 59856 | Zot:2    | XOM: 5-stop teleportation journey
 59877 | Zot:2    | XOM: scenery: 4 doors close
 60070 | Zot:2    | XOM: potion effect (brilliance)
 60300 | Zot:2    | XOM: noise
 60607 | Zot:3    | XOM: swap monsters
 60614 | Zot:3    | XOM: summons 12 hostile demons
 60888 | Zot:3    | Noticed a Killer Klown
 60889 | Zot:3    | Noticed an orb of fire
 60898 | Zot:3    | Killed a Killer Klown
 60898 | Zot:3    | Reached XP level 27. HP: 182/195 MP: 34/37
 60899 | Zot:3    | XOM: enchant monster (bad)
 60911 | Zot:3    | XOM: scenery: create altars
 60915 | Zot:3    | XOM: harmless Fire miscast
 60919 | Zot:3    | Gained mutation: Scrolls take you a little longer to read.
                  | [an orb of fire]
 60924 | Zot:3    | Gained mutation: You are clumsy. (Dex -2) [an orb of fire]
 60926 | Zot:3    | Gained mutation: Potions are less effective at restoring
                  | your health. [an orb of fire]
 60928 | Zot:3    | Killed an orb of fire
 60972 | Zot:3    | XOM: potion effect (might)
 61123 | Zot:3    | XOM: divination: detect creatures
 61300 | Zot:3    | XOM: noise
 61443 | Zot:4    | Reached skill level 26 in Fighting
 61687 | Zot:4    | XOM: confuse monster(s)
 61925 | Zot:4    | Got a heavily runed shield
 61931 | Zot:4    | Identified the +3 shield "Apyukhuo" {Dex+5} (You found it
                  | on level 4 of the Realm of Zot)
 62101 | Zot:4    | XOM: polymorph storm dragon -> entropy weaver
 62217 | Zot:4    | XOM: mild Air miscast
 62276 | Zot:5    | Entered Level 5 of the Realm of Zot
 62420 | Zot:3    | XOM: cloud trail
 63284 | Zot:5    | XOM: polymorph storm dragon -> storm dragon
 63288 | Zot:5    | XOM: enchant monster (good)
 63355 | Zot:5    | XOM: summons friendly crimson imp
 63428 | Zot:5    | XOM: divination: magic mapping
 63524 | Zot:5    | XOM: cleaving
 63805 | Zot:5    | XOM: 4-stop teleportation journey
 63996 | Zot:5    | Noticed an ancient lich
 64001 | Zot:5    | Noticed an orb of fire
 64002 | Zot:5    | Noticed an orb of fire
 64004 | Zot:5    | XOM: enchant monster (good)
 64013 | Zot:5    | Killed an ancient lich
 64013 | Zot:5    | Noticed an orb of fire
 64014 | Zot:5    | XOM: 6-stop teleportation journey
 64031 | Zot:5    | XOM: 5-stop teleportation journey
 64049 | Zot:5    | XOM: fog
 64118 | Zot:5    | now I get gold dragon scales...
 64124 | Zot:5    | XOM: divination: magic mapping
 64156 | Zot:5    | Got the Orb of Zot
 64158 | Zot:5    | XOM: give mutations
 64158 | Zot:5    | Gained mutation: You are extremely resistant to the effects
                  | of hostile enchantments. (MR+++) [Xom's grace]
 64158 | Zot:5    | Gained mutation: You evolve. [Xom's grace]
 64158 | Zot:5    | Gained mutation: You expend magic power (3 MP) to
                  | strengthen your wands. [Xom's grace]
 64174 | Zot:5    | Killed an orb of fire
 64346 | Depths:1 | Noticed a seraph
 64348 | Depths:1 | XOM: confuse monster(s)
 64352 | Depths:1 | XOM: scenery: create altars
 64399 | Depths:1 | XOM: smoke on damage
 64545 | D:12     | XOM: fog
 64644 | D:6      | XOM: divination: detect creatures
 64695 | D:3      | Reached skill level 27 in Fighting
 64756 | D:1      | gg
 64756 | D:1      | mace of variability with xom, very nice
 64757 | D:$      | Escaped with the Orb!

Levels and vault maps discovered:
D:1:      eino_arrival_water_cross, layout_basic
D:2:      layout_loops_corners, nicolae_ru_the_path_less_chosen
D:3:      layout_basic, uniq_ijyb
D:4:      layout_basic, overflow_temple_1_default, first_ration, uniq_eustachio,
          uniq_crazy_yiuf_cottage
D:5:      layout_cave_pools, grunt_temple_overflow_open,
          nicolae_qazlal_style_of_elements, nemelex_xobeh_ov_fountains_minmay
D:6:      layout_gridville, overflow_temple_1_default
D:7:      layout_loops_ring, minmay_temple_entry_glassed_door
D:8:      layout_loops_ring, lemuel_round_altar, gammafunk_ghost_spectres,
          serial_shops, shop
D:9:      layout_long_grid, nicolae_overflow_hidden_temple,
          ebering_ghost_reflecting_pool, uniq_erica
D:10:     layout_loops_ring
D:11:     layout_rooms, erik_lair_orcish_takeover
D:12:     layout_cave_pods, minmay_orc_entry_guard_dogs, serial_undead,
          serial_undead_c, serial_undead_f, serial_undead_c, serial_undead_c,
          serial_undead_f, serial_undead_f
D:13:     layout_gridville, gauntlet_entry_generic
D:14:     layout_irregular_city, grunt_vaults_entry_tiered,
          gammafunk_ghost_smash
D:15:     hangedman_depths_entry_try_elsewhere_first, layout_loops_ring,
          minmay_misc_feat_iff, minmay_guarded_unrand_variability
Lair:1:   layout_cave_pods, uniq_urug
Lair:2:   beast_lair_carwin_large_4, layout_cave_pods,
          portal_ice_cave_entry_pillars_2, gammafunk_ghost_wrathful_warriors,
          uniq_fannar
Lair:3:   layout_chaotic_city
Lair:4:   layout_cave_pods, swamp_mist, minmay_snake_entry_guardpost_large,
          grunt_megastairs_4, uniq_sonja, uniq_rupert, uniq_snorg
Lair:5:   layout_loops_ring, gammafunk_ghost_ooze, st_stairs_5,
          serial_bayou_shore_b
Lair:6:   gammafunk_lair_ancient_temple, layout_regular_city,
          dpeg_slime_entry_enclosed_altar, infiniplex_staircase_pool
Swamp:1:  layout_basic_swamp, nicolae_swamp_very_dense_foliage,
          infiniplex_staircase_pool_2
Swamp:2:  layout_basic_swamp, evilmike_swamp_ruin_rubble_1, swamp_pool2
Swamp:3:  layout_basic_swamp, nicolae_swamp_round_clearing, uniq_roxanne
Swamp:4:  swamp_alternative, layout_basic_swamp, swamp_pool1
Snake:1:  layout_onion, drop_trap, hangedman_snake_corridor_split, uniq_aizul
Snake:2:  layout_concentric_octagons, serial_bayou_crossing, minmay_shop_grove,
          serial_bayou_shore_a
Snake:3:  layout_layer_cave, grunt_megastairs_2, minmay_shoptagon
Snake:4:  johnstein_snake_rune_scales, layout_cave_town, basic_altar,
          nicolae_snake_shapes
Orc:1:    layout_diamond_mine, guppyfry_orc_lava_fort, uniq_maurice
Orc:2:    grunt_orc_gardens, layout_diamond_mine, grunt_orc_garden,
          grunt_orc_garden, grunt_orc_garden, grunt_orc_garden, bloody_makhleb
Elf:1:    layout_onion_city, serial_shops, shop, enter_trove_3,
          kennysheep_underground_church, grunt_megastairs_3
Elf:2:    layout_geoelf_octagon, serial_shops, shop, minmay_misc_feat_five
Elf:3:    elf_hall, layout_geoelf_octagon, serial_shops,
          nicolae_shop_behind_doors, lightli_enter_wizlab_magi_temple,
          basic_altar, drop_trap
Vaults:1: v_misc_1, hangedman_vaults_restitches, nicolae_vaults_little_ls,
          nicolae_vaults_network_s, ontoclasm_vaults_ring_large, v_misc_27,
          vaults_standard_mumra_enter_the_diamond, v_rooms_1,
          nicolae_vaults_little_squares_5, vaults_dpeg_ring,
          ontoclasm_vaults_ring_square, layout_vaults_maze_snakey,
          portal_desolation_entry_nicolae_nacl, serial_shops,
          nicolae_shop_stone, shop, shop_fountains
Vaults:2: v_alt_pattern_5, v_misc_11, nicolae_vaults_little_squares_5,
          nicolae_vaults_ring_of_whatevers, hangedman_vaults_variations,
          vaults_room_stairs_pillars, vaults_room_door_hall,
          nicolae_vaults_big_angled_halls, v_misc_27,
          nicolae_vaults_yaktaur_gun_rack, ontoclasm_vaults_claustrophobia,
          v_misc_19, nicolae_vaults_angled_halls, vaults_room_grid,
          vaults_room_stairs_pillars, layout_vaults_omnibox
Vaults:3: hangedman_vaults_locks, hangedman_vaults_stretched_pinwheel,
          ontoclasm_vaults_loading_screen, minmay_crypt_entry_simple_statues,
          nicolae_vaults_rhombus_7, v_misc_8, hangedman_vaults_capsules,
          nicolae_vaults_statue_guard, nicolae_vaults_three_branches,
          grunt_vaults_hallway_long, nicolae_vaults_mini_display_case,
          layout_vaults_big_room, serial_shops, nicolae_shop_waterfront, shop,
          shop, shop, uniq_margery
Vaults:4: ontoclasm_vaults_bender, grunt_vaults_bifocal, st_cross,
          nicolae_vaults_network_square, vaults_room_octagon,
          nicolae_vaults_theta, vaults_mumra_hex, v_pattern_1,
          nicolae_vaults_windows_and_doors_thing, serial_ice_g,
          nicolae_vaults_alarming, nicolae_vaults_asterisk,
          vaults_room_stairs_pillars, vaults_room_corners, layout_vaults_ring,
          serial_shops, bzr_firewalk, shop, shop, nicolae_shop_crystal
Depths:1: layout_basic, chequers_serial_rivers_small_3, hell_entry,
          onia_ninara_cookie, uniq_bai_suzhen
Depths:2: hangedman_spin_cycle, abyss_entry, pan_entry, hell_entry, uniq_mara
Depths:3: hangedman_box_tower, layout_honeycomb, enter_ziggurat_b,
          rand_demon_pan_entry_5, minmay_misc_feat_plants,
          nicolae_abyss_entry_one_way_or_another, hell_entry,
          kennysheep_windowed_goal
Depths:4: evilmike_wizard_prison, layout_small_grid,
          grunt_hell_entry_demonic_statue, abyss_entry_glasseish,
          hangedman_abyss_or_decor_stagger, kennysheep_kite_vault,
          uniq_enchantress
Depths:5: evilmike_zot_entry_argh, layout_basic, grunt_hell_entry_dis_old,
          grunt_decor_resistance, abyss_entry_flame_altar, uniq_boris
Zot:1:    layout_twisted_circle
Zot:2:    minmay_elemental_castle, layout_onion_interference
Zot:3:    layout_misc_corridors
Zot:4:    layout_basic, hangedman_zot_wheel_spokes
Zot:5:    layout_twisted_circle

Skill      XL: |  1  2  3  4  5  6  7  8  9 10 11 12 13 14 15 16 17 18 19 20 21 22 23 24 25 26 27 |
---------------+----------------------------------------------------------------------------------+-----
Maces & Flails | 4 5 6 7 8 10 11 12 14 15 16 17 18 19 20 | 20.0
Fighting       | 4 5 6 7 8 9 10 11 12 14 16 17 18 19 20 21 22 23 24 25 27 | 27.0
Armour         | 3 4 5 7 8 9 10 11 12 15 16 17 18 19 20 21 22 23 24 25 26 | 26.4
Dodging        | 2 3 5 7 9 10 11 12 13 14 | 14.0
Evocations     | 1 4 5 7 8 10 12 13 14 15 | 15.0
Shields        | 3 4 |  4.1

Action                   |  1- 3 |  4- 6 |  7- 9 | 10-12 | 13-15 | 16-18 | 19-21 | 22-24 | 25-27 || total
-------------------------+-------+-------+-------+-------+-------+-------+-------+-------+-------++-------
Melee: Mace              |    55 |   113 |       |       |       |       |       |       |       ||   168
       Unarmed           |       |     1 |       |       |       |       |       |       |       ||     1
       Flail             |       |    65 |   233 |   416 |       |       |       |       |       ||   714
       Headbutt          |       |       |     5 |   118 |   230 |   274 |   334 |   309 |       ||  1270
       Eveningstar       |       |       |       |   306 |  1141 |       |       |       |       ||  1447
       Great mace        |       |       |       |       |    44 |  1177 |  1364 |  1173 |  1147 ||  4905
       Bite              |       |       |       |       |       |   108 |   199 |   113 |       ||   420
       Peck              |       |       |       |       |       |       |       |   115 |   328 ||   443
Throw: Stone             |       |       |     2 |     7 |       |       |       |       |       ||     9
 Abil: Fly               |       |       |       |       |     1 |       |       |       |     1 ||     2
       Evoke Invisibilit |       |       |       |       |       |       |       |       |     4 ||     4
       Stop Flying       |       |       |       |       |       |       |       |       |     1 ||     1
Evoke: Wand              |       |       |       |     1 |     9 |       |    14 |     7 |     3 ||    34
       Lamp of fire      |       |       |       |       |       |     1 |       |       |       ||     1
  Use: Scroll            |       |     4 |     7 |    15 |    13 |    14 |     9 |     8 |    16 ||    86
       Potion            |       |     1 |       |     1 |     1 |    10 |     7 |       |     5 ||    25
 Stab: Paralysed         |       |     3 |       |     4 |     1 |     8 |    11 |    17 |    14 ||    58
       Confused          |       |     1 |     1 |     2 |     3 |    13 |     7 |     7 |     9 ||    43
       Sleeping          |       |       |     1 |       |       |       |       |       |     1 ||     2
       Distracted        |       |       |       |     2 |       |       |       |     2 |       ||     4
       Petrified         |       |       |       |     4 |     2 |     6 |       |       |     6 ||    18
       Petrifying        |       |       |       |       |     1 |     3 |       |     3 |     1 ||     8
       Betrayed ally     |       |       |       |       |       |     1 |       |       |       ||     1
       Invisible         |       |       |       |       |       |       |     3 |     2 |     3 ||     8
       Held in net/web   |       |       |       |       |       |       |     1 |       |       ||     1
  Eat: Chunk             |     1 |     7 |     8 |    19 |    26 |    21 |    24 |    23 |    21 ||   150
       Ration            |       |     1 |     1 |     1 |     2 |     4 |     3 |     3 |     3 ||    18
Armor: Leather armour    |    25 |    71 |    40 |       |       |       |       |       |       ||   136
       Chain mail        |       |     4 |    11 |       |       |       |       |       |       ||    15
       Plate armour      |       |       |    80 |   435 |   644 |  1308 |  1218 |   918 |   938 ||  5541
Dodge: Dodged            |    39 |   110 |    91 |   256 |   471 |   837 |   707 |   736 |   756 ||  4003
Block: Buckler           |       |       |       |    61 |   398 |       |       |       |       ||   459

Table legend:
 A = Non-vault XP
 B = Vault XP
 C = Vault XP percentage of total XP
 D = Non-vault monster count
 E = Vault monster count
 F = Vault count percentage of total count
                 A         B        C        D         E       F
            +---------+---------+-------+---------+---------+-------
      Total |  770478 |  635980 |  45.2 |    1372 |     864 |  38.6
            +---------+---------+-------+---------+---------+-------
        D:1 |      21 |       0 |   0.0 |      12 |       0 |   0.0
        D:2 |     875 |       0 |   0.0 |      20 |       0 |   0.0
        D:3 |     360 |      18 |   4.8 |      32 |       1 |   3.0
        D:4 |     363 |     202 |  35.8 |      17 |       1 |   5.6
        D:5 |     535 |       0 |   0.0 |      16 |       0 |   0.0
        D:6 |    1055 |       0 |   0.0 |      15 |       0 |   0.0
        D:7 |    1030 |       0 |   0.0 |      27 |       0 |   0.0
        D:8 |    1764 |       0 |   0.0 |      20 |       0 |   0.0
        D:9 |    1285 |     918 |  41.7 |      22 |       1 |   4.3
       D:10 |    2274 |       0 |   0.0 |      31 |       0 |   0.0
       D:11 |    5150 |     649 |  11.2 |      42 |       9 |  17.6
       D:12 |    8169 |    3659 |  30.9 |      54 |      24 |  30.8
       D:13 |    7747 |       0 |   0.0 |      26 |       0 |   0.0
       D:14 |   15039 |    7781 |  34.1 |      37 |      25 |  40.3
       D:15 |   16709 |    3900 |  18.9 |      44 |       7 |  13.7
     Lair:1 |    3192 |     816 |  20.4 |       9 |       1 |  10.0
     Lair:2 |    3926 |    2197 |  35.9 |      17 |      13 |  43.3
     Lair:3 |    5908 |       0 |   0.0 |      15 |       0 |   0.0
     Lair:4 |    2361 |    4985 |  67.9 |       8 |      10 |  55.6
     Lair:5 |    3339 |     394 |  10.6 |      14 |       1 |   6.7
     Lair:6 |   10335 |    8938 |  46.4 |      32 |      23 |  41.8
    Swamp:1 |    6571 |       0 |   0.0 |      19 |       0 |   0.0
    Swamp:2 |    6324 |       0 |   0.0 |      17 |       0 |   0.0
    Swamp:3 |   21367 |    3674 |  14.7 |      39 |       4 |   9.3
    Swamp:4 |   17155 |   16457 |  49.0 |      44 |      24 |  35.3
    Snake:1 |    3641 |    1052 |  22.4 |       5 |       3 |  37.5
    Snake:2 |   15805 |       0 |   0.0 |      33 |       0 |   0.0
    Snake:3 |   11672 |    1509 |  11.4 |      25 |       4 |  13.8
    Snake:4 |   16942 |   45957 |  73.1 |      32 |      74 |  69.8
      Orc:1 |    2755 |    6146 |  69.0 |      31 |      17 |  35.4
      Orc:2 |    1442 |    5999 |  80.6 |      13 |      23 |  63.9
      Elf:1 |   23633 |    5123 |  17.8 |      41 |       8 |  16.3
      Elf:2 |   17859 |   23449 |  56.8 |      31 |      29 |  48.3
      Elf:3 |   10818 |       0 |   0.0 |      17 |       0 |   0.0
   Vaults:1 |   22296 |   14251 |  39.0 |      54 |      32 |  37.2
   Vaults:2 |   14501 |   13190 |  47.6 |      36 |      30 |  45.5
   Vaults:3 |   34964 |   21884 |  38.5 |      55 |      24 |  30.4
   Vaults:4 |   18673 |   23778 |  56.0 |      28 |      29 |  50.9
   Depths:1 |   50430 |   16195 |  24.3 |      60 |      18 |  23.1
   Depths:2 |    8234 |   86254 |  91.3 |      10 |      89 |  89.9
   Depths:3 |   26623 |   48475 |  64.5 |      34 |      31 |  47.7
   Depths:4 |   58924 |   68778 |  53.9 |      63 |      77 |  55.0
   Depths:5 |   72640 |   20634 |  22.1 |      44 |      13 |  22.8
      Zot:1 |   66874 |       0 |   0.0 |      41 |       0 |   0.0
      Zot:2 |   33460 |   26571 |  44.3 |      21 |      11 |  34.4
      Zot:3 |   52010 |       0 |   0.0 |      19 |       0 |   0.0
      Zot:4 |   26125 |       0 |   0.0 |      16 |       0 |   0.0
      Zot:5 |   25110 |   60039 |  70.5 |      14 |      18 |  56.2
    Abyss:3 |   12193 |    2323 |  16.0 |      20 |       7 |  25.9
      IceCv |       0 |    2828 | 100.0 |       0 |      11 | 100.0
     WizLab |       0 |   27083 | 100.0 |       0 |      58 | 100.0
 Desolation |       0 |   55869 | 100.0 |       0 |     106 | 100.0
   Gauntlet |       0 |    4005 | 100.0 |       0 |       8 | 100.0
            +---------+---------+-------+---------+---------+-------
